Cogmind - Beta 17 @@@ ROGUE MODE // 2026.08.09 @ 22:11:05 // Winter2019/RPGLIKE Player: Grimbling Result: Establishing 0b11! Performance ------------- Evolutions (9) 4500 Regions Visited (24) 4800 Robots Destroyed (837) 4185 Value Destroyed (55121) 55121 Prototype IDs (393) 7860 Alien Tech Used (0) 0 Bonus (65447) 65447 TOTAL SCORE: 141913 Bonus ------- Triggered High Security 1000 High Alert Combat Kills 34395 Follower Combat Kills 320 Hunted by Unchained 1000 Registered with UFD 300 Met Optimus in HQ 500 Met Data Miner 300 Met Warlord at Base 500 MAIN.C Attacked Warlord 500 Warlord Defense Kills 2132 Hacked Protovariant 500 Scanned by Researcher 500 Destroyed MAIN.C Guards 500 Met MAIN.C 5000 Destroyed MAIN.C Shell 5000 Destroyed MAIN.C 10000 Win 3000 Cogmind --------- Core Integrity 2500/2500 Matter 1200/1200 Energy 885/890 System Corruption 0% Temperature Cool (3) Movement Walking (110) Location 0b11 Command Parts ------- > --- POWER (1) -------- Zero-point Reactor > --- PROPULSION (4) --- Heavy Shield Leg Concept Biometal Exoskeleton > --- UTILITY (17) ----- Advanced Signal Interpreter Experimental Target Analyzer Experimental Core Analyzer Experimental Armor Integrity Analyzer Concept Recoil Nullifier (fused) Experimental Kinecellerator Experimental Weapon Cycler Experimental Reaction Control System Experimental Powered Armor Concept RG22 Armor Graphene Brace Concept Beam Splitter Concept Energy Mantle Concept Antimissile System Advanced Dynamic Insulation System Experimental System Purifier Concept Matter Streamer > --- WEAPON (4) ------- Multirail Multirail Perforator > --- INVENTORY (13) --- Protomatter-79 Protomatter-78 Protomatter-64 Protomatter-41 Improved Trap Scanner Multirail Concept XC Strikerail Concept Rapid Grenade Launcher Improved Plasma Cutter Molecular Deconstructor Peak State ------------ > --- POWER ------------ Zero-point Reactor > --- PROPULSION ------- Heavy Shield Leg Concept Biometal Exoskeleton > --- UTILITY ---------- Advanced Signal Interpreter Experimental Target Analyzer Experimental Core Analyzer Experimental Armor Integrity Analyzer Concept Recoil Nullifier Experimental Kinecellerator Experimental Weapon Cycler Experimental Reaction Control System Experimental Powered Armor Concept RG22 Armor Graphene Brace Concept Beam Splitter Concept Energy Mantle Concept Antimissile System Advanced Dynamic Insulation System Experimental System Purifier Concept Matter Streamer > --- WEAPON ----------- Multirail Multirail Multirail Concept XC Strikerail > --- INVENTORY -------- Protomatter Protomatter Protomatter Protomatter Reinforced Quantum Reactor Experimental Biometal Leg Improved Trap Scanner Advanced Transmission Jammer Concept XC Strikerail Concept Rapid Grenade Launcher Improved Plasma Cutter Molecular Deconstructor [Rating: 282] Favorites ----------- Power Reinforced Quantum Reactor Engine Improved Deuterium Engine Power Core Light Nuclear Core Reactor Reinforced Quantum Reactor Propulsion Enhanced Biometal Leg Leg Enhanced Biometal Leg Utility Advanced Signal Interpreter Device Improved Trap Scanner Processor Advanced Signal Interpreter Hackware Experimental Hacking Suite Protection Enhanced Scrap Shield Weapon KE Penetrator Energy Gun Shock Rifle Ballistic Gun KE Penetrator Ballistic Cannon Perforator Launcher Concept Rapid Grenade Launcher Special Weapon Mining Laser Slashing Weapon Companion Sword Special Melee Weapon Advanced Datajack Build | -11 -10 -10 -10 -8 -8 -6 -6 -6 -6 -5 -5 -5 -5 -5 -4 -4 -4 -3 -3 -2 -2 -2 -1 -1 ------- Run | Yrd Mat Min Sub Rec Scr Fac Low Low Dat Pro Fac Upp Upp War Pro Fac Arm Res Tes Res Qua Frg Acc Com Slots Evolved 22 | 9 . . 3 4 . 4 . 1 . . . . . . . . . . . . . 1 . . Power . | . . . . . . . . . . . . . . . . . . . . . . . . . Propulsion 3 | 1 . . 1 . . . . . . . . . . . . . . . . . . 1 . . Utility 16 | 5 . . 2 4 . 4 . 1 . . . . . . . . . . . . . . . . Weapon 3 | 3 . . . . . . . . . . . . . . . . . . . . . . . . Parts Attached 181 | 9 4 4 10 12 12 6 3 9 . 1 12 1 2 9 4 4 18 1 7 1 4 34 . 14 Power 10 | 2 . 1 . 1 . 1 . . . . 1 . . . 1 . 2 . . . . . . 1 Engine 3 | 2 . . . . . 1 . . . . . . . . . . . . . . . . . . Core 3 | . . 1 . 1 . . . . . . 1 . . . . . . . . . . . . . Reactor 4 | . . . . . . . . . . . . . . . 1 . 2 . . . . . . 1 Propulsion 28 | 2 . . 1 5 . . . 2 . . 3 . . 2 . 1 1 . 2 . . 7 . 2 Treads . | . . . . . . . . . . . . . . . . . . . . . . . . . Leg 28 | 2 . . 1 5 . . . 2 . . 3 . . 2 . 1 1 . 2 . . 7 . 2 Wheel . | . . . . . . . . . . . . . . . . . . . . . . . . . Hover . | . . . . . . . . . . . . . . . . . . . . . . . . . Flight . | . . . . . . . . . . . . . . . . . . . . . . . . . Utility 90 | 2 1 3 2 4 6 5 2 5 . . 4 1 . 3 2 2 10 1 4 1 4 21 . 7 Device 66 | 2 . 2 2 2 4 4 1 5 . . 4 1 . 2 2 2 6 1 3 . 3 16 . 4 Storage . | . . . . . . . . . . . . . . . . . . . . . . . . . Processor 11 | . 1 . . . . 1 . . . . . . . 1 . . 3 . . 1 . 2 . 2 Hackware 1 | . . . . . . . . . . . . . . . . . 1 . . . . . . . Protection 12 | . . 1 . 2 2 . 1 . . . . . . . . . . . 1 . 1 3 . 1 Artifact . | . . . . . . . . . . . . . . . . . . . . . . . . . Weapon 53 | 3 3 . 7 2 6 . 1 2 . 1 4 . 2 4 1 1 5 . 1 . . 6 . 4 Energy Gun 1 | . . . . . 1 . . . . . . . . . . . . . . . . . . . Energy Cannon . | . . . . . . . . . . . . . . . . . . . . . . . . . Ballistic Gun 41 | 3 3 . 5 2 4 . 1 1 . 1 4 . 2 . 1 1 5 . 1 . . 6 . 1 Ballistic Cannon 1 | . . . . . . . . . . . . . . . . . . . . . . . . 1 Launcher 2 | . . . 1 . . . . . . . . . . . . . . . . . . . . 1 Special Weapon 6 | . . . 1 . . . . 1 . . . . . 3 . . . . . . . . . 1 Impact Weapon . | . . . . . . . . . . . . . . . . . . . . . . . . . Slashing Weapon 1 | . . . . . 1 . . . . . . . . . . . . . . . . . . . Piercing Weapon . | . . . . . . . . . . . . . . . . . . . . . . . . . Special Melee Weapon 1 | . . . . . . . . . . . . . . 1 . . . . . . . . . . Unidentified Prototypes 57 | . . . 2 . 1 . 2 1 . . 1 . . 5 . 2 10 . 5 . 4 19 . 5 Parts Lost 1 | . . . . . . . . . . . . . . . . . . . . . . 1 . . Power . | . . . . . . . . . . . . . . . . . . . . . . . . . Propulsion . | . . . . . . . . . . . . . . . . . . . . . . . . . Utility 1 | . . . . . . . . . . . . . . . . . . . . . . 1 . . Weapon . | . . . . . . . . . . . . . . . . . . . . . . . . . Highest Loss Streak 1 | . . . . . . . . . . . . . . . . . . . . . . 1 . . To Critical Strikes . | . . . . . . . . . . . . . . . . . . . . . . . . . Average Backups 5 | . 1 2 8 10 5 8 7 5 5 5 5 6 6 6 4 5 5 4 6 7 5 5 6 4 Power . | . . . 1 1 . . . . . . . . . . . . . . . . . . . . Propulsion . | . . . . 1 . . . . . . . . . . . . . . . . . . . . Utility 1 | . . . 1 2 . 1 2 . . . . . . . . . . . 1 2 1 1 3 1 Weapon 2 | . 1 1 4 5 2 4 2 2 2 2 2 2 2 3 1 2 1 1 1 2 1 2 2 2 Tool/Special . | . . . . . . . . . . . . . . . . . . . . . . . . . Unused Backups 25 | . . . 12 . 5 . 1 1 . . . . . 1 . . 1 . . . 1 3 . . Power 3 | . . . 2 . 1 . . . . . . . . . . . . . . . . . . . Propulsion 2 | . . . 1 . 1 . . . . . . . . . . . . . . . . . . . Utility 6 | . . . 1 . 1 . 1 . . . . . . . . . 1 . . . 1 1 . . Weapon 11 | . . . 8 . 2 . . . . . . . . . . . . . . . . 1 . . Tool/Special 3 | . . . . . . . . 1 . . . . . 1 . . . . . . . 1 . . Average Slot Usage (%) 91 | . 68 87 67 86 88 90 90 91 92 90 94 96 95 94 95 96 95 96 94 95 95 96 95 91 Core 1 | . . 6 5 5 5 4 . . . . 1 4 4 4 1 . . . . . . . . . Reactor 1 | . . . . . . . . . . . . . . . 2 4 4 4 4 4 4 3 3 3 Leg 11 | . 15 15 6 15 15 14 12 12 12 12 12 12 12 12 12 12 12 12 11 12 12 11 11 7 Device 43 | . 12 19 21 25 28 37 45 46 48 46 50 52 52 51 52 52 51 52 48 51 52 52 49 45 Processor 8 | . 4 7 5 5 5 4 4 4 4 4 4 4 4 5 8 8 8 8 8 7 8 8 11 14 Protection 5 | . . 6 5 11 14 9 7 8 8 8 8 8 8 6 4 4 4 4 6 4 3 3 3 3 Ballistic Gun 16 | . 27 30 19 22 19 18 15 15 16 16 16 16 15 13 15 16 15 16 16 16 15 15 15 14 Peak Build Rating 282 | 10 12 20 60 52 78 106 107 118 118 118 137 139 142 160 155 158 176 178 188 188 190 271 271 282 Average Rating 160 | 6 11 19 44 43 62 88 101 109 118 116 129 136 138 142 152 154 167 176 183 184 182 229 261 262 On Entrance 122 | . 10 11 20 51 43 78 106 101 118 118 112 136 138 139 133 154 158 175 177 188 184 187 271 260 Avg Prop Armor Cover (%) 1 | . . . . . . . . . . . . . . 1 1 . . . . 2 . . . . Naked Turns . | . . . . . . . . . . . . . . . . . . . . . . . . . Heaviest Build 105 | 13 14 30 49 60 78 77 77 82 82 82 91 91 93 96 83 82 99 99 102 102 98 105 103 104 Greatest Support 168 | 40 40 40 70 70 95 95 95 105 105 105 118 113 113 135 125 125 140 140 140 140 140 160 160 168 Greatest Overweight (x) 1 | . . . . 1 . . . . . . . . . . . . . . 1 . . . . . Average Overweight (x) . | . . . . . . . . . . . . . . . . . . . . . . . . . Largest Inventory Capacity 13 | 12 12 12 13 13 13 13 13 13 13 13 13 13 13 13 13 13 13 13 13 13 13 13 13 13 Average Capacity 12 | 12 12 12 12 13 13 13 13 13 13 13 13 13 13 13 13 13 13 13 13 13 13 13 13 13 Most Carried 13 | 1 7 7 13 13 13 13 13 13 7 8 11 11 12 13 11 12 13 12 13 13 13 13 13 13 Average Carried 9 | . 4 5 11 11 6 10 10 7 7 7 7 10 10 11 9 7 9 10 12 11 11 9 10 11 Final Capacity 13 | 12 12 12 13 13 13 13 13 13 13 13 13 13 13 13 13 13 13 13 13 13 13 13 13 13 Final Carried 13 | 1 5 5 12 13 8 13 8 7 7 7 10 10 11 12 7 11 12 10 13 12 9 13 11 11 Scrap Suit Usage (%) 1 | . . . . . 9 16 . . . . . . . . . . . . . . . . . . Class Distribution -------------------- 51% | Wizard-Gunner 36% | Wizard-Tank 11% | Wizard-Skirmisher Dominant Class ---------------- Wizard-Skirmisher | -10/Materials Wizard-Skirmisher | -10/Mines Wizard-Skirmisher | -10/Subcaves Wizard-Tank | -8/Recycling Wizard-Tank | -8/Scraptown Wizard-Tank | -6/Factory Wizard-Tank | -6/Lower Caves Wizard-Tank | -6/Lower Caves Wizard-Tank | -6/Data Miner Wizard-Tank | -5/Proximity Caves Wizard-Tank | -5/Factory Wizard-Tank | -5/Upper Caves Wizard-Tank | -5/Upper Caves Wizard-Tank | -5/Warlord Wizard-Gunner | -4/Proximity Caves Wizard-Gunner | -4/Factory Wizard-Gunner | -4/Armory Wizard-Gunner | -3/Research Wizard-Gunner | -3/Testing Wizard-Gunner | -2/Research Wizard-Gunner | -2/Quarantine Wizard-Tank | -2/Protoforge Wizard-Gunner | -1/Access Wizard-Gunner | -1/Command Resources | -11 -10 -10 -10 -8 -8 -6 -6 -6 -6 -5 -5 -5 -5 -5 -4 -4 -4 -3 -3 -2 -2 -2 -1 -1 ----------- Run | Yrd Mat Min Sub Rec Scr Fac Low Low Dat Pro Fac Upp Upp War Pro Fac Arm Res Tes Res Qua Frg Acc Com Matter Collected 25196 | 508 661 70 1770 232 120 160 144 432 . 200 344 158 168 140 397 468 2590 461 683 416 357 4461 2132 8124 Remotely 23949 | . . . 1770 232 120 160 144 432 . 200 344 158 168 140 397 468 2590 461 675 416 357 4461 2132 8124 Salvage Created 48987 | 255 382 . 1128 456 . 170 54 191 . 388 627 299 163 159 627 929 4192 801 1568 611 371 5599 4945 25072 Parts 2401 | 18 19 . 63 17 . 12 6 22 . 23 43 15 15 5 28 41 208 43 85 64 33 320 299 1022 Haulers Intercepted 6 | . 1 . . . . . . . . . 1 . . . . 1 . . . . . . 3 . Recyclers Shooed 2 | . . . . . . 1 . . . . . . . . . . . . . 1 . . . . Parts Field Recycled . | . . . . . . . . . . . . . . . . . . . . . . . . . Retrieved Matter . | . . . . . . . . . . . . . . . . . . . . . . . . . Parts Self-Destructed 127 | . . . 26 . . . 3 21 . 23 . 15 15 . 24 . . . . . . . . . Prevented . | . . . . . . . . . . . . . . . . . . . . . . . . . Parts Restored 4 | . . . . . . . . . . . . . . . . . . . . . . 4 . . Faulty 4 | . . . . . . . . . . . . . . . . . . . . . . 4 . . Kills | -11 -10 -10 -10 -8 -8 -6 -6 -6 -6 -5 -5 -5 -5 -5 -4 -4 -4 -3 -3 -2 -2 -2 -1 -1 ------- Run | Yrd Mat Min Sub Rec Scr Fac Low Low Dat Pro Fac Upp Upp War Pro Fac Arm Res Tes Res Qua Frg Acc Com Combat Hostiles Destroyed 743 | . 8 . 28 4 . 1 2 7 . 10 10 7 4 16 8 12 59 12 16 12 6 89 70 362 Melee 1 | . . . . . . . . . . . . . . . . . . . . . . 1 . . Guns 712 | . 8 . 28 4 . 1 2 7 . 10 10 7 4 . 8 12 59 12 12 12 6 88 70 352 Cannons 2 | . . . . . . . . . . . . . . 1 . . . . . . . . . 1 AOE 26 | . . . . . . . . . . . . . . 15 . . . . 2 . . . . 9 Classes Destroyed 34 | 3 4 . 2 1 . 2 2 2 . . 2 . . 1 2 . 4 . 2 . 1 4 1 1 Worker 23 | 2 . . . . . . . . . . 1 . . . . 1 . 1 4 1 . 1 5 7 Builder 10 | . . . . . . . . . . . 2 . . . . . . . 4 . . . 4 . Tunneler 6 | 5 . . . . . . . . . . . . . . . . . . . . . . 1 . Hauler 6 | . 1 . . . . . . . . . 1 . . . . 1 . . . . . . 3 . Recycler 18 | 1 . . . 2 . 1 . . . . 2 . . . . . . . . 1 . . 2 9 Carrier 1 | . . . . . . . . . . . . . . . . . . . 1 . . . . . Mechanic 10 | . . . . . . . . . . . . . . . . . 1 . . . . . . 9 Operator 9 | . . . . . . 1 . . . . . . . . . . 2 . 1 . 1 2 . 2 Drone 6 | . . . . . . . . . . . . . . . 2 . . . . . . 2 . 2 Turret 2 | . . . 2 . . . . . . . . . . . . . . . . . . . . . Watcher 34 | . 2 . . . . . . . . . 1 . . . . 3 6 3 3 1 1 1 6 7 Swarmer 81 | . 3 . 6 . . . . . . 5 4 5 . . . 5 5 5 . . 1 . 9 33 Cutter 10 | . . . . . . . . . . . . . . . . . . . . . . . 4 6 Saboteur 21 | . . . . . . . . . . . . . . . . . 1 . . . . 4 1 15 Grunt 183 | . 5 . 2 . . . . . . 4 3 1 . 10 3 4 24 3 5 1 . 14 13 91 Brawler 40 | . . . . . . . . . . . 1 . . . . . . . 1 . 2 4 3 29 Duelist 34 | . . . . . . . . . . . . . . . . . 3 1 1 . . 2 2 25 Protector 21 | . . . . . . . . . . . . . . . . . 1 . . . . 1 3 16 Researcher 6 | . . . . . . . . . . . . . . . . . . . 2 . . 4 . . Sentry 33 | . . . . 4 . . . . . . 2 1 . . . 2 2 1 . 4 . 13 2 2 Demolisher 6 | . . . . . . . . . . . . . . . . . . . . . . . . 6 Specialist 18 | . . . . . . . . 2 . . . . . 1 . . 4 . . . . . . 11 Hunter 79 | . . . . . . . . 2 . 1 . . . . 2 . 4 2 4 3 . 7 19 35 Programmer 100 | . . . . . . . 1 2 . . . . 4 3 . 1 9 . 5 3 . 15 12 45 Heavy 6 | . . . . . . 1 . . . . . . . . . . 1 . . 1 . . 1 2 Behemoth 4 | . . . . . . . . . . . . . . . 1 . 1 . . . . . . 2 Armor Guard 4 | . . . . . . . . . . . . . . . . . 4 . . . . . . . Quarantine Guard 2 | . . . . . . . . . . . . . . . . . . . . . 2 . . . M Guard 2 | . . . . . . . . . . . . . . . . . . . . . . . . 2 Hotshot 6 | . . . . . . . . . . . . . . . . . . . . . . 6 . . Decapitator 11 | . . . . . . . . . . . . . . . . . . . . . . 11 . . Immortal 4 | . . . . . . . . . . . . . . . . . . . . . . 4 . . Combat Programmer 2 | . . . . . . . . . . . . . . . . . . . . . . . . 2 Investigator 2 | . . . . . . . . . . . . . . . . . . . . . . . . 2 Striker 19 | . . . . . . . . . . . . . . . . . . . . . . . 1 18 Executioner 20 | . . . . . . . . . . . . . . 2 . . . . . . . . . 18 Alpha 7 2 | . . . . . . . . . . . . . . . . . . . . . . 2 . . Fortress 1 | . . . . . . . . . . . . . . . . . . . . . 1 . . . V-Series 4 | . . . . . . . . . . . . . . . . . . . . . . 4 . . Subdweller 20 | . . . 20 . . . . . . . . . . . . . . . . . . . . . Tinkerer 1 | . . . . . . . . . . . . . . . . . . . . . . 1 . . Thief 2 | . . . . . . . 1 1 . . . . . . . . . . . . . . . . Best Kill Streak 36 | 5 5 . 5 4 . 2 1 2 . 5 4 4 2 16 3 6 10 8 16 5 3 8 15 36 Combat Bots Only 33 | . 5 . 4 2 . 1 1 2 . 5 4 4 2 16 3 6 10 6 10 5 3 8 12 33 Max Kills in Single Turn 9 | 2 2 . 2 1 . 1 1 1 . 4 4 2 1 5 1 3 4 4 9 2 1 3 4 4 Gunslinging 3 | . 1 . 1 . . . . . . 3 2 1 . . . 2 2 2 . 1 . 2 2 3 Exploded 5 | . . . . . . . . . . . . . . 5 . . . . 2 . . . . 4 Melee 1 | . . . . . . . . . . . . . . . . . . . . . . 1 . . Uniques/NPCs Destroyed 2 | . . . . . . . . . . . . . . . . . . . . . . . . 2 MAIN.C Shell (-1/Command) MAIN.C (-1/Command) Combat | -11 -10 -10 -10 -8 -8 -6 -6 -6 -6 -5 -5 -5 -5 -5 -4 -4 -4 -3 -3 -2 -2 -2 -1 -1 -------- Run | Yrd Mat Min Sub Rec Scr Fac Low Low Dat Pro Fac Upp Upp War Pro Fac Arm Res Tes Res Qua Frg Acc Com Hostile Shots Fired 2553 | . 8 . 95 2 . 2 3 90 . 46 72 5 14 28 38 44 253 34 58 50 57 434 281 939 Missed 1209 | . 3 . 35 1 . . 1 30 . 27 41 2 3 11 15 19 124 19 27 27 28 234 129 433 Intercepted 55 | . . . . . . . . . . . . . . . . . . . . . . 1 . 54 Hits 1344 | . 5 . 60 1 . 2 2 60 . 19 31 3 11 17 23 25 129 15 31 23 29 200 152 506 Melee 18 | . . . . . . . . 2 . . . . . . . . 1 . 3 . . 2 . 10 Projectile 1326 | . 5 . 60 1 . 2 2 58 . 19 31 3 11 17 23 25 128 15 28 23 29 198 152 496 AOE 21 | . . . . . . . . . . . . . . . . . . . . . . 3 1 17 Critical Strikes 62 | . . . 3 . . 1 . 1 . . 1 . . 2 2 1 4 . 2 1 3 18 3 20 Actively Blocked 56 | . . . . . . . . 1 . . 1 . . 2 2 1 4 . . 1 3 18 3 20 Part Disruptions 10 | . . . . . . 1 . . . . . . . 1 . . 1 . 1 1 . . . 5 Actively Blocked 5 | . . . . . . . . . . . . . . . . . . . . . . . . 5 Damage Taken 15508 | . 41 . 656 7 . 119 29 506 . 141 218 32 228 300 350 190 1725 164 744 409 713 2655 1314 4967 Core 10828 | . 31 . 501 7 . 82 17 285 . 75 121 14 161 190 209 120 1053 108 425 281 443 1993 998 3714 Absorbed by Shields 9060 | . . . 240 4 . 12 . 234 . 108 186 18 . 30 138 150 606 96 78 96 162 853 1259 4790 Redirected to Core 9501 | . 31 . 370 . . 82 17 258 . 75 112 14 120 134 182 110 973 82 425 236 407 1687 838 3348 Ignored by Resistances 8919 | . 13 . 228 3 . 21 . 165 . 82 151 18 . 32 172 128 707 105 82 155 391 2164 1032 3270 Regen/Repaired (Parts) 935 | . . . . . 489 . . . . . . . . . . . . . . . . 80 72 294 Core Remaining (%) 93 | 100 . . . . 100 . . . . 100 . . . . 100 . 94 . 69 . . 85 . 100 Volleys Fired 1126 | 9 17 . 77 8 . 5 4 31 . 11 17 6 8 8 21 24 131 23 29 24 42 177 96 358 Largest 4 | 3 4 . 4 4 . 4 4 4 . 4 4 4 4 1 4 4 4 4 4 4 4 4 4 4 Hottest 167 | 60 80 . 109 114 . 122 116 116 . 116 132 132 132 . 134 134 160 144 149 149 142 166 154 167 Shots Fired 4198 | 27 64 . 247 32 . 20 16 77 . 44 68 24 32 8 79 96 476 86 112 91 152 658 384 1405 Gun 4163 | 27 64 . 230 32 . 20 16 74 . 44 68 24 32 . 79 96 476 86 112 91 152 658 384 1398 Cannon 1 | . . . . . . . . . . . . . . . . . . . . . . . . 1 Launcher 7 | . . . 1 . . . . . . . . . . . . . . . . . . . . 6 Special 27 | . . . 16 . . . . 3 . . . . . 8 . . . . . . . . . . Kinetic 4165 | 27 64 . 231 32 . 20 16 74 . 44 68 24 32 . 79 96 476 86 112 91 152 658 384 1399 Thermal 17 | . . . 16 . . . . 1 . . . . . . . . . . . . . . . . Explosive 14 | . . . . . . . . . . . . . . 8 . . . . . . . . . 6 Electromagnetic . | . . . . . . . . . . . . . . . . . . . . . . . . . Robot Hit Streak 113 | 7 15 . 75 24 . 40 48 28 . 37 72 18 21 26 33 27 56 42 68 57 98 113 66 75 Robot Miss Streak 2 | 1 2 . 1 . . . 1 1 . 1 1 1 1 . 2 2 2 1 2 2 1 2 2 2 Penetration Max 3 | . . . . . . . . . . 1 1 . . . . 1 3 1 2 1 . 2 2 2 Secondary Targets 239 | . 3 . 6 . . . . . . 5 4 2 2 . . 6 19 2 2 3 2 26 26 131 Max Gunslinging Chain 3 | . 2 . 1 . . . . . . 3 2 1 1 . . 3 2 2 1 1 1 2 2 3 Shots Hit Robots 3105 | 18 41 . 166 18 . 16 9 56 . 39 51 17 27 6 66 72 343 59 85 73 115 508 263 1057 Core Hits 2220 | 9 16 2 54 7 . 6 4 17 . 18 25 9 7 27 21 30 138 31 54 36 45 310 222 1132 Critical Kills 255 | . . . . . . . . . . . 2 1 1 . 1 12 36 7 4 5 3 21 32 130 Critical Parts Destroyed 375 | . . . 3 . . . . . . . . . . . 5 8 56 13 15 5 3 29 63 175 Critical Strikes 687 | . . . 3 . . . . . . . 3 1 1 1 12 22 109 22 19 10 7 56 96 325 Destroy 686 | . . . 3 . . . . . . . 3 1 1 . 12 22 109 22 19 10 7 56 96 325 Sever 1 | . . . . . . . . . . . . . . 1 . . . . . . . . . . Melee Attacks 1 | . . . . . . . . . . . . . . 1 . . . . . . . . . . Impact . | . . . . . . . . . . . . . . . . . . . . . . . . . Slashing . | . . . . . . . . . . . . . . . . . . . . . . . . . Piercing . | . . . . . . . . . . . . . . . . . . . . . . . . . Sneak Attacks 1 | . . . . . . . . . . . . . . 1 . . . . . . . . . . Combat Hostiles . | . . . . . . . . . . . . . . . . . . . . . . . . . Follow-up Attacks . | . . . . . . . . . . . . . . . . . . . . . . . . . Damage Inflicted 146685 | 275 586 23 2698 403 . 419 213 1028 . 801 2292 521 1038 4581 1655 2054 9357 1882 4887 2437 3384 22996 14500 68655 Guns 136982 | 275 586 . 2698 402 . 419 213 1016 . 801 1717 521 1038 . 1655 2054 9182 1882 3075 2437 3384 22920 14424 66283 Cannons 4 | . . . . . . . . . . . . . . . . . . . . . . . . 4 Explosions 9086 | . . . . . . . . . . . 572 . . 4321 . . . . 1788 . . . 76 2329 Melee . | . . . . . . . . . . . . . . . . . . . . . . . . . Ramming 353 | . . 23 . 1 . . . 12 . . 3 . . . . . 175 . 24 . . 76 . 39 Kinetic 136986 | 275 586 . 2698 402 . 419 213 1016 . 801 1717 521 1038 . 1655 2054 9182 1882 3075 2437 3384 22920 14424 66287 Thermal 460 | . . . . . . . . . . . 460 . . . . . . . . . . . . . Explosive 6838 | . . . . . . . . . . . 112 . . 4321 . . . . . . . . 76 2329 Electromagnetic 1788 | . . . . . . . . . . . . . . . . . . . 1788 . . . . . Impact . | . . . . . . . . . . . . . . . . . . . . . . . . . Slashing 260 | . . . . . . . . . . . . . . 260 . . . . . . . . . . Piercing . | . . . . . . . . . . . . . . . . . . . . . . . . . Highest Corruption 4 | . . . . . . . . 1 . . . . . 3 2 . 2 . 3 . . 4 . 3 Average Corruption 1 | . . . . . . . . 1 . . . . . 2 1 . 1 . 1 . . 1 . 1 Corruption Purged 36 | . . . . . . . . 1 . . . . . 1 2 . 5 . 5 . . 9 . 13 Corruption Blocked . | . . . . . . . . . . . . . . . . . . . . . . . . . Effects 11 | . . . . . . . . . . . . . . . . . . . 5 . . 3 . 3 Message Errors 2 | . . . . . . . . . . . . . . . . . . . . . . 1 . 1 Matter Fused 5 | . . . . . . . . . . . . . . . . . . . 3 . . . . 2 Heat Flow Errors 1 | . . . . . . . . . . . . . . . . . . . 1 . . . . . Parts Fused 1 | . . . . . . . . . . . . . . . . . . . . . . 1 . . Data Loss (major) 1 | . . . . . . . . . . . . . . . . . . . . . . 1 . . Weapon Failures 1 | . . . . . . . . . . . . . . . . . . . 1 . . . . . Overload Shots . | . . . . . . . . . . . . . . . . . . . . . . . . . Overflow Damage 401 | . . . . . . . . . . . 113 . . 196 . . 13 . 16 . . . . 63 Projectiles 52 | . . . . . . . . . . . . . . 52 . . . . . . . . . . Explosions 336 | . . . . . . . . . . . 113 . . 144 . . . . 16 . . . . 63 Melee 13 | . . . . . . . . . . . . . . . . . 13 . . . . . . . Knockbacks 2 | . . . . . . . . . . . . . . . . . 2 . . . . . . . Impact 2 | . . . . . . . . . . . . . . . . . 2 . . . . . . . Kinetic . | . . . . . . . . . . . . . . . . . . . . . . . . . Secondary . | . . . . . . . . . . . . . . . . . . . . . . . . . Self-Inflicted Damage 257 | . . . . . . 56 . . . . . . . . . . . . 201 . . . . . Shots 5 | . . . . . . 2 . . . . . . . . . . . . 3 . . . . . Rammed . | . . . . . . . . . . . . . . . . . . . . . . . . . Targets Rammed 16 | . . 3 . 1 . . . 1 . . 2 . . . . . 5 . 1 . . 1 . 2 Kicked 16 | . . 3 . 1 . . . 1 . . 2 . . . . . 5 . 1 . . 1 . 2 Crushed . | . . . . . . . . . . . . . . . . . . . . . . . . . Highest Temperature 118 | . . . 118 . . . . . . . . . . . . . 3 . 28 . 37 . 12 34 Average Temperature 5 | . . . 83 . . . . . . . . . . . . . 3 . 28 . 12 . 4 5 Received Heat Transfer 1387 | . 21 . 340 5 . . . . . 40 35 9 . 14 35 41 227 40 15 6 42 249 61 207 Siege Activations . | . . . . . . . . . . . . . . . . . . . . . . . . . Martial Activations . | . . . . . . . . . . . . . . . . . . . . . . . . . Shielding Activations . | . . . . . . . . . . . . . . . . . . . . . . . . . Robots Disrupted . | . . . . . . . . . . . . . . . . . . . . . . . . . Combat Hostiles . | . . . . . . . . . . . . . . . . . . . . . . . . . Robots Corrupted 2 | . . . . . . . . . . . . . . . . . . . 2 . . . . . Combat Hostiles 2 | . . . . . . . . . . . . . . . . . . . 2 . . . . . Parts Fried 16 | . . . . . . . . . . . . . . . . . . . 14 . . . . 2 Impact Corruptions 1 | . . . . . . . . . . . . . . . . . 1 . . . . . . . Robots Melted . | . . . . . . . . . . . . . . . . . . . . . . . . . Combat Hostiles . | . . . . . . . . . . . . . . . . . . . . . . . . . Parts Melted . | . . . . . . . . . . . . . . . . . . . . . . . . . Heat Transferred 250 | . . . . . . . . . . . 250 . . . . . . . . . . . . . Parts Sabotaged 7 | . . . . . . . . . . . . . . . . . 2 . . . . . . 5 Parts Stolen 1 | . . . . . . . . 1 . . . . . . . . . . . . . . . . Parts Stripped . | . . . . . . . . . . . . . . . . . . . . . . . . . Power Chain Reactions . | . . . . . . . . . . . . . . . . . . . . . . . . . Alert | -11 -10 -10 -10 -8 -8 -6 -6 -6 -6 -5 -5 -5 -5 -5 -4 -4 -4 -3 -3 -2 -2 -2 -1 -1 ------- Run | Yrd Mat Min Sub Rec Scr Fac Low Low Dat Pro Fac Upp Upp War Pro Fac Arm Res Tes Res Qua Frg Acc Com Maximum Alert Level 5 | . . . . . . . . . . . . . . . . 1 4 3 3 2 . 5 5 5 Low Security (%) 38 | 100 100 100 . 100 . 100 . . . . 100 . . . . 95 47 28 34 55 100 11 . . Level 1 5 | . . . . . . . . . . . . . . . . 4 3 41 31 41 . 7 . . Level 2 5 | . . . . . . . . . . . . . . . . . 12 25 . 2 . 21 . . Level 3 6 | . . . . . . . . . . . . . . . . . 20 5 34 . . 16 . . Level 4 12 | . . . . . . . . . . . . . . . . . 15 . . . . 27 65 . Level 5 6 | . . . . . . . . . . . . . . . . . . . . . . 15 6 14 High Security 25 | . . . . . . . . . . . . . . . . . . . . . . . 28 84 Max Security . | . . . . . . . . . . . . . . . . . . . . . . . . . Peak Influence 11503 | 15 111 . . 35 . 58 . . . . 179 . . . . 246 1353 703 855 425 160 1918 2310 11503 Initial 1478 | . 3 . . . . . . . . . . . . . . 158 114 703 301 425 100 45 1149 1478 Average 2247 | 3 41 . . 3 . 5 . . . . 45 . . . . 76 498 333 398 199 105 926 1570 7618 Influence Increases 22881 | 40 242 . 250 96 . 105 50 130 . 245 492 150 100 335 160 620 2135 483 974 632 299 2824 2389 10130 Destroy 0b10 Robot/C 14100 | . 160 . 200 80 . 20 40 120 . 200 200 140 80 320 120 240 1260 260 380 240 120 1800 1340 6780 Destroy 0b10 Robot/NC 715 | 40 15 . . 10 . 10 . . . . 35 . . . 10 25 50 20 60 15 10 40 120 255 Destroy Leader 1672 | . 36 . 20 . . 10 10 10 . 30 54 10 20 . 30 48 220 56 66 72 22 172 276 510 Allied During Kill 102 | . . . . . . . . . . . . . . . . . 50 52 . . . . . . Trap Triggered on 0b10 90 | . . . . . . . . . . . . . . . . . 30 . . . . 60 . . Disable Machine 1380 | . . . . . . 60 . . . . 75 . . . . 45 210 30 225 45 75 405 105 105 Anti-Garrison Action 50 | . . . . . . . . . . . . . . . . . . . . . . . . 50 Destroy Structure 2027 | . 1 . . 6 . 5 . . . . 128 . . . . 82 210 50 228 45 72 132 258 810 Advance Influence 150 | . . . . . . . . . . . . . . . . 150 . . . . . . . . Partial Spotted 30 | . . . . . . . . . . . . . . . . . 15 . . 15 . . . . Lose Combat Pursuer 1965 | . 30 . 30 . . . . . . 15 . . . 15 . 30 90 15 15 . . 15 90 1620 Miscellaneous 600 | . . . . . . . . . . . . . . . . . . . . 200 . 200 200 . Influence Decreases 11293 | 35 247 . 250 96 . 105 50 130 . 245 331 259 152 24 457 400 1029 1287 753 1210 397 989 1995 852 Entered New Map 3429 | . 2 . . . . . . . . . . 61 11 . 311 6 120 637 235 332 79 36 767 832 Time Decay 4827 | 35 175 . 250 95 . 47 50 130 . 245 201 198 141 24 146 256 544 180 368 278 318 648 478 20 Lost Part 10 | . . . . . . . . . . . . . . . . . . . . . . 10 . . Lost Ally 196 | . . . . . . . . . . . . . . . . 20 156 20 . . . . . . Purge Threat 2831 | . 70 . . 1 . 58 . . . . 130 . . . . 118 209 450 150 600 . 295 750 . Squads Dispatched 108 | . 2 1 . . . 1 . . . . 2 . . . . 2 14 2 6 2 . 11 27 38 Investigation 2 | . 1 1 . . . . . . . . . . . . . . . . . . . . . . Extermination 19 | . . . . . . . . . . . 1 . . . . 2 5 1 1 1 . 5 3 . Reinforcement 17 | . 1 . . . . 1 . . . . 1 . . . . . 4 1 4 1 . . 2 2 Assault 67 | . . . . . . . . . . . . . . . . . 5 . 1 . . 6 19 36 Garrison 3 | . . . . . . . . . . . . . . . . . . . . . . . 3 . Intercept . | . . . . . . . . . . . . . . . . . . . . . . . . . Searches Triggered . | . . . . . . . . . . . . . . . . . . . . . . . . . Unchained Authorized 1 | . . . . . . . . . . . . . . . . . . . . . . . 1 . Construction Impeded . | . . . . . . . . . . . . . . . . . . . . . . . . . Haulers Reinforced 3 | . . . . . . . . . . . 1 . . . . . . 1 . . . . 1 . Active Scanning Responses . | . . . . . . . . . . . . . . . . . . . . . . . . . Cargo Convoy Interrupts . | . . . . . . . . . . . . . . . . . . . . . . . . . Stealth | -11 -10 -10 -10 -8 -8 -6 -6 -6 -6 -5 -5 -5 -5 -5 -4 -4 -4 -3 -3 -2 -2 -2 -1 -1 --------- Run | Yrd Mat Min Sub Rec Scr Fac Low Low Dat Pro Fac Upp Upp War Pro Fac Arm Res Tes Res Qua Frg Acc Com Distress Signals 18 | . . . . . . . . . . . . . . 1 . . 2 . 1 . . . 1 13 Communications Jammed 50 | . . . . . . . . . . . . . . . 1 . 11 . 7 1 . . 11 19 Distress Signals 43 | . . . . . . . . . . . . . . . . . 9 . 6 1 . . 8 19 Times Spotted 925 | . 14 . 32 1 . 2 2 7 . 10 10 4 3 24 7 17 79 17 19 14 8 85 82 488 Peak Tracking Total 44 | . 3 . 5 . . 1 1 3 . 5 4 2 2 17 1 4 6 5 3 5 3 5 7 44 Tactical Retreats 33 | . 1 . 1 . . . . . . 1 . . . 1 . 1 2 1 1 . . 1 6 17 Traps | -11 -10 -10 -10 -8 -8 -6 -6 -6 -6 -5 -5 -5 -5 -5 -4 -4 -4 -3 -3 -2 -2 -2 -1 -1 ------- Run | Yrd Mat Min Sub Rec Scr Fac Low Low Dat Pro Fac Upp Upp War Pro Fac Arm Res Tes Res Qua Frg Acc Com Traps Triggered 7 | . 1 . 2 . . . . . . . . . . . . . 1 . . . 1 1 . 1 Indirectly . | . . . . . . . . . . . . . . . . . . . . . . . . . Trap Hack Attempts . | . . . . . . . . . . . . . . . . . . . . . . . . . Triggered . | . . . . . . . . . . . . . . . . . . . . . . . . . Disarmed 20 | . . . . . . . . . . . . . . . . . . . . . . 8 12 . Reprogrammed 22 | . . . . . . . . . . . 4 . . . . . 8 . . . . 10 . . Reused 9 | . . . . . . . . . . . . . . . . . 3 . . . . 6 . . Traps Extracted . | . . . . . . . . . . . . . . . . . . . . . . . . . Installed . | . . . . . . . . . . . . . . . . . . . . . . . . . Triggered 9 | . . . . . . . . . . . . . . . . . 3 . . . . 6 . . Machines | -11 -10 -10 -10 -8 -8 -6 -6 -6 -6 -5 -5 -5 -5 -5 -4 -4 -4 -3 -3 -2 -2 -2 -1 -1 ---------- Run | Yrd Mat Min Sub Rec Scr Fac Low Low Dat Pro Fac Upp Upp War Pro Fac Arm Res Tes Res Qua Frg Acc Com Machines Disabled 114 | . . . 2 . . 4 . 1 . . 5 . . . . 6 14 2 16 3 5 39 7 10 Max in Single Turn 8 | . . . 1 . . 3 . 1 . . 4 . . . . 3 2 2 8 1 1 2 1 1 Garrison Access 9 | . . . . . . . . . . . 1 . . . . 1 . . 1 1 1 1 3 . Phase Generator 1 | . . . . . . . . . . . . . . . . . . . . . . . . 1 Energy Cycler 3 | . . . . . . . . . . . . . . . . . 1 . . . . . 2 . Machines Repaired . | . . . . . . . . . . . . . . . . . . . . . . . . . Machines Dismantled 2 | . . . . . . . . . . . . . . . . . . . . . . . . 2 Machines Sabotaged . | . . . . . . . . . . . . . . . . . . . . . . . . . Overloaded Fab Kills . | . . . . . . . . . . . . . . . . . . . . . . . . . Hacking | -11 -10 -10 -10 -8 -8 -6 -6 -6 -6 -5 -5 -5 -5 -5 -4 -4 -4 -3 -3 -2 -2 -2 -1 -1 --------- Run | Yrd Mat Min Sub Rec Scr Fac Low Low Dat Pro Fac Upp Upp War Pro Fac Arm Res Tes Res Qua Frg Acc Com Machines Accessed 99 | . 5 1 2 11 9 4 . 1 4 . 7 1 2 7 1 7 8 2 5 5 4 5 7 1 Terminals 40 | . 5 . . 2 . 2 . . . . 2 1 1 . 1 2 7 1 3 3 3 4 3 . Fabricators 2 | . . . . . . . . . . . 1 . . . . . . . . . . . 1 . Repair Stations . | . . . . . . . . . . . . . . . . . . . . . . . . . Recycling Units 17 | . . . . 7 . 1 . . . . 2 . . . . 3 1 1 . 1 . . . 1 Scanalyzers 4 | . . . . . . 1 . . . . 1 . . . . 1 . . 1 . . . . . Garrison Access 9 | . . . . . . . . . . . 1 . . . . 1 . . 1 1 1 1 3 . Total Hacks 286 | . 13 1 14 36 35 14 . 1 16 . 13 1 3 10 1 18 26 8 15 11 8 20 21 1 Successful 270 | . 12 1 14 36 35 14 . 1 16 . 12 1 3 10 1 16 23 7 15 10 8 17 17 1 Failed 13 | . . . . . . . . . . . . . . . . 1 3 1 . 1 . 3 4 . Catastrophic . | . . . . . . . . . . . . . . . . . . . . . . . . . Database Lockouts 3 | . 1 . . . . . . . . . 1 . . . . 1 . . . . . . . . Manual 88 | . 10 . . 20 . 5 . 1 . . 5 . . 1 . 8 12 5 2 1 . 11 7 . Terminals 139 | . 13 . . 7 . 7 . . . . 6 1 2 . 1 8 25 7 10 9 7 19 17 . Fabricators 2 | . . . . . . . . . . . 1 . . . . . . . . . . . 1 . Repair Stations . | . . . . . . . . . . . . . . . . . . . . . . . . . Recycling Units 36 | . . . . 21 . 2 . . . . 3 . . . . 6 1 1 . 1 . . . 1 Scanalyzers 14 | . . . . . . 5 . . . . 2 . . . . 3 . . 4 . . . . . Garrison Access 9 | . . . . . . . . . . . 1 . . . . 1 . . 1 1 1 1 3 . Terminal Hacks 209 | . 12 1 14 14 35 6 . 1 16 . 6 1 3 10 1 7 22 6 10 8 7 16 13 . Record 79 | . . . 13 7 33 . . . 11 . . 1 2 9 1 . 1 . . . 1 . . . Part Schematic 2 | . . . . . . . . . 1 . . . . . . . . . 1 . . . . . Robot Schematic 1 | . . . . . . . . . 1 . . . . . . . . . . . . . . . Robot Analysis 3 | . . . . 1 . . . . . . . . . . . . . . 2 . . . . . Prototype ID Bank 17 | . 6 . . . . . . . 3 . . . . . . 1 2 1 1 1 1 1 . . Open Door 5 | . . 1 . . 1 . . 1 . . . . 1 1 . . . . . . . . . . Open DSF 1 | . . . . . . 1 . . . . . . . . . . . . . . . . . . Level Access Points 5 | . . . . 1 . . . . . . . . . . . . 1 . . . 1 1 1 . Branch Access Points 9 | . 1 . . 1 . . . . . . 1 . . . . 1 1 1 . 1 1 . 1 . Machine Index 4 | . . . . . . . . . . . . . . . . . 1 . 1 . 1 1 . . Terminal Index 1 | . . . . . . 1 . . . . . . . . . . . . . . . . . . Alert Level 2 | . . . . . . . . . . . . . . . . . . 1 . . 1 . . . Unreport Threat 38 | . 4 . . 2 . 2 . . . . 2 . . . . 2 4 3 1 6 . 5 7 . Locate Traps 2 | . 1 . . . . . . . . . . . . . . . . . . . . 1 . . Disarm Traps 6 | . . . . 1 . . . . . . . . . . . . . . . . . 3 2 . Reprogram Traps 9 | . . . . . . . . . . . 2 . . . . . 4 . . . . 3 . . Security Status 2 | . . . . . . . . . . . . . . . . . 2 . . . . . . . Recall Investigation 1 | . . . . . . . . . . . . . . . . 1 . . . . . . . . Recall Extermination 4 | . . . . . . . . . . . 1 . . . . 1 1 . . . . . 1 . Recall Reinforcements 4 | . . . . . . . . . . . . . . . . 1 2 . 1 . . . . . Recall Assault 2 | . . . . . . . . . . . . . . . . . 1 . . . . . 1 . Hauler Manifests 1 | . . . . . . . . . . . . . . . . . . . . . 1 . . . Registered Components 3 | . . . . . . 1 . . . . . . . . . . 1 . 1 . . . . . Registered Prototypes 2 | . . . . . . 1 . . . . . . . . . . 1 . . . . . . . Proto ID Catalog 3 | . . . 1 . 1 . . . . . . . . . . . . . . . . 1 . . Protovariant Controls 2 | . . . . . . . . . . . . . . . . . . . 2 . . . . . Release Object 1 | . . . . 1 . . . . . . . . . . . . . . . . . . . . Fabricator Hacks . | . . . . . . . . . . . . . . . . . . . . . . . . . Repair Station Hacks . | . . . . . . . . . . . . . . . . . . . . . . . . . Recycling Unit Hacks 18 | . . . . 7 . 2 . . . . 2 . . . . 3 1 1 . 1 . . . 1 Report Inventory 1 | . . . . . . 1 . . . . . . . . . . . . . . . . . . Retrieve Components 17 | . . . . 7 . 1 . . . . 2 . . . . 3 1 1 . 1 . . . 1 Scanalyzer 11 | . . . . . . 4 . . . . 1 . . . . 2 . . 4 . . . . . Retrieve Study 11 | . . . . . . 4 . . . . 1 . . . . 2 . . 4 . . . . . Garrison Access Hacks 9 | . . . . . . . . . . . 1 . . . . 1 . . 1 1 1 1 3 . Seal Access 9 | . . . . . . . . . . . 1 . . . . 1 . . 1 1 1 1 3 . Unauthorized Hacks 23 | . . . . 15 . 2 . . . . 2 . . . . 3 . . . . . . 1 . Terminals 2 | . . . . 1 . 1 . . . . . . . . . . . . . . . . . . Disrupt 1 | . . . . 1 . . . . . . . . . . . . . . . . . . . . Skim 1 | . . . . . . 1 . . . . . . . . . . . . . . . . . . Fabricators 2 | . . . . . . . . . . . 1 . . . . . . . . . . . 1 . Fabnet 2 | . . . . . . . . . . . 1 . . . . . . . . . . . 1 . Repair Stations . | . . . . . . . . . . . . . . . . . . . . . . . . . Recycling Units 18 | . . . . 14 . . . . . . 1 . . . . 3 . . . . . . . . Reject 10 | . . . . 7 . . . . . . . . . . . 3 . . . . . . . . Mask 8 | . . . . 7 . . . . . . 1 . . . . . . . . . . . . . Scanalyzers 1 | . . . . . . 1 . . . . . . . . . . . . . . . . . . Researchers 1 | . . . . . . 1 . . . . . . . . . . . . . . . . . . Garrison Access . | . . . . . . . . . . . . . . . . . . . . . . . . . Data Cores Recovered 6 | . . . . . . 1 . . . . . . . . . . 1 . 1 . 1 2 . . Used 3 | . . . . . . 1 . . . . . . . . . . . . 1 . . 1 . . Hacking Detections 21 | . 2 . . 4 . 2 . . . . 1 . . . . 1 3 1 . 1 1 2 3 . Full Trace Events . | . . . . . . . . . . . . . . . . . . . . . . . . . Feedback Events . | . . . . . . . . . . . . . . . . . . . . . . . . . Feedback Blocked . | . . . . . . . . . . . . . . . . . . . . . . . . . Robot Schematics Acquired 6 | . . . . . . . . . 1 . . . . . . . . . 4 . . 1 . . Robots Built . | . . . . . . . . . . . . . . . . . . . . . . . . . Authchips . | . . . . . . . . . . . . . . . . . . . . . . . . . Time . | . . . . . . . . . . . . . . . . . . . . . . . . . Total Robot Build Rating . | . . . . . . . . . . . . . . . . . . . . . . . . . Part Schematics Acquired 16 | . . . . . . . . . 1 . . . . . . . . . 5 . . 10 . . Parts Built . | . . . . . . . . . . . . . . . . . . . . . . . . . Authchips . | . . . . . . . . . . . . . . . . . . . . . . . . . Time . | . . . . . . . . . . . . . . . . . . . . . . . . . Total Part Build Rating . | . . . . . . . . . . . . . . . . . . . . . . . . . Part Studies Acquired 11 | . . . . . . 4 . . . . 1 . . . . 2 . . 4 . . . . . Parts Repaired . | . . . . . . . . . . . . . . . . . . . . . . . . . Time . | . . . . . . . . . . . . . . . . . . . . . . . . . Parts Recycled . | . . . . . . . . . . . . . . . . . . . . . . . . . Recycled Matter . | . . . . . . . . . . . . . . . . . . . . . . . . . Retrieved Matter . | . . . . . . . . . . . . . . . . . . . . . . . . . Retrieved Components 42 | . . . . 19 . . . . . . 16 . . . . 2 . 1 . 3 . . . 1 Parts Scanalyzed . | . . . . . . . . . . . . . . . . . . . . . . . . . Part Schematics Acquired . | . . . . . . . . . . . . . . . . . . . . . . . . . Parts Damaged . | . . . . . . . . . . . . . . . . . . . . . . . . . Bothacking | -11 -10 -10 -10 -8 -8 -6 -6 -6 -6 -5 -5 -5 -5 -5 -4 -4 -4 -3 -3 -2 -2 -2 -1 -1 ------------ Run | Yrd Mat Min Sub Rec Scr Fac Low Low Dat Pro Fac Upp Upp War Pro Fac Arm Res Tes Res Qua Frg Acc Com Used RIF Installer . | . . . . . . . . . . . . . . . . . . . . . . . . . Robots Hacked 4 | . . . . . . . . . . . . . . 1 . 1 2 . . . . . . . Non-combat . | . . . . . . . . . . . . . . . . . . . . . . . . . Combat 4 | . . . . . . . . . . . . . . 1 . 1 2 . . . . . . . Robot Hacks Applied 1 | . . . . . . . . . . . . . . 1 . . . . . . . . . . parse_system 1 | . . . . . . . . . . . . . . 1 . . . . . . . . . . Relay Couplers Released . | . . . . . . . . . . . . . . . . . . . . . . . . . Fabnet Peak Effective % 3 | . . . . . . . . . . . . . . . 3 3 3 1 1 . . . . . Autooverrided 3 | . . . . . . . . . . . . . . . . 1 2 . . . . . . . Robots Rewired 12 | . . . . . . . . . . . . . . . . . 12 . . . . . . . Allies Hacked . | . . . . . . . . . . . . . . . . . . . . . . . . . Hacks Repelled . | . . . . . . . . . . . . . . . . . . . . . . . . . Allies | -11 -10 -10 -10 -8 -8 -6 -6 -6 -6 -5 -5 -5 -5 -5 -4 -4 -4 -3 -3 -2 -2 -2 -1 -1 -------- Run | Yrd Mat Min Sub Rec Scr Fac Low Low Dat Pro Fac Upp Upp War Pro Fac Arm Res Tes Res Qua Frg Acc Com Total Allies 15 | . . . . . . . . . . . . . . . . 1 14 . . . . . . . Largest Group 4 | . . . . . . . . . . . . . . . . . 4 2 . . . . . . Highest-Rated Group 200 | . . . . . . . . . . . . . . . . . 200 114 . . . . . . Highest-Rated Ally 64 | . . . . . . . . . . . . . . . . . 64 64 . . . . . . Initial UFD Resources 34 | . . . . . . 23 23 23 23 25 25 25 25 25 28 28 28 30 30 32 32 32 34 34 Total Orders . | . . . . . . . . . . . . . . . . . . . . . . . . . Ally Attacks 43 | . . . . . . . . . . . . . . . . . 37 6 . . . . . . Total Damage 1401 | . . . . . . . . . . . . . . . . . 1118 283 . . . . . . Kills 6 | . . . . . . . . . . . . . . . . . 5 1 . . . . . . Allies Corrupted 2 | . . . . . . . . . . . . . . . . . 2 . . . . . . . Allies Melted . | . . . . . . . . . . . . . . . . . . . . . . . . . Intel | -11 -10 -10 -10 -8 -8 -6 -6 -6 -6 -5 -5 -5 -5 -5 -4 -4 -4 -3 -3 -2 -2 -2 -1 -1 ------- Run | Yrd Mat Min Sub Rec Scr Fac Low Low Dat Pro Fac Upp Upp War Pro Fac Arm Res Tes Res Qua Frg Acc Com Active Infowar (turns) 26777 | 73 500 412 1905 906 2075 386 727 790 101 854 884 771 664 668 643 868 2391 363 847 615 702 2577 1724 4331 Optics 2 | . . . . . . . . . . . . . . . . . 2 . . . . . . . A.S.S. 2 | . . . . . . . 1 . . . . . . . . . . . . . . 1 . . Terrain 25207 | 73 500 412 1905 906 2075 386 727 790 101 854 884 771 664 668 643 868 2391 363 847 615 702 2575 1724 2763 Traps 20531 | . . . . . . 96 727 790 101 854 884 771 664 668 643 868 2391 363 847 615 702 2577 1724 4246 Seismic 358 | 24 334 . . . . . . . . . . . . . . . . . . . . . . . Cloaking 2 | . . . . . . . . . . . . . . 2 . . . . . . . . . . Jamming 16004 | . . . . . . 115 727 790 101 854 884 771 664 668 643 868 2391 363 847 615 702 1901 1450 650 ECM 1 | . . . . . . . . . . . . . . . . . . . . . . 1 . . Robot Analysis Total 2 | . . . . 1 . . . . . . . . . . . . . . 1 . . . . . Derelict Logs Recovered 21 | . . 3 1 . 5 . 2 2 . 1 . 2 3 . 2 . . . . . . . . . Drone Launches . | . . . . . . . . . . . . . . . . . . . . . . . . . Drone Recoveries . | . . . . . . . . . . . . . . . . . . . . . . . . . Exploration | -11 -10 -10 -10 -8 -8 -6 -6 -6 -6 -5 -5 -5 -5 -5 -4 -4 -4 -3 -3 -2 -2 -2 -1 -1 ------------- Run | Yrd Mat Min Sub Rec Scr Fac Low Low Dat Pro Fac Upp Upp War Pro Fac Arm Res Tes Res Qua Frg Acc Com Turns Passed 27488 | 158 500 412 1905 906 2075 386 727 790 101 854 884 771 664 668 643 868 2391 363 847 615 702 2577 1724 4957 Spaces Moved 19306 | 96 352 328 1434 707 1668 323 643 530 88 476 652 679 565 562 564 635 1517 278 688 468 541 1910 1159 2443 Core 2 | 2 . . . . . . . . . . . . . . . . . . . . . . . . Treads . | . . . . . . . . . . . . . . . . . . . . . . . . . Legs 19304 | 94 352 328 1434 707 1668 323 643 530 88 476 652 679 565 562 564 635 1517 278 688 468 541 1910 1159 2443 Wheels . | . . . . . . . . . . . . . . . . . . . . . . . . . Hover . | . . . . . . . . . . . . . . . . . . . . . . . . . Flight . | . . . . . . . . . . . . . . . . . . . . . . . . . Fastest Speed 50 | 50 120 120 90 90 120 105 105 105 115 115 110 110 110 96 96 96 96 106 100 100 100 80 80 80 Average Speed 103 | 118 120 120 93 118 120 111 105 112 115 115 117 110 110 105 96 96 103 106 101 100 100 85 80 109 Slowest Speed 190 | 120 120 120 120 190 120 120 105 115 115 115 120 110 110 113 100 96 106 106 170 100 100 100 80 110 Overloaded Moves . | . . . . . . . . . . . . . . . . . . . . . . . . . Propulsion Burnouts . | . . . . . . . . . . . . . . . . . . . . . . . . . Robots Hopped . | . . . . . . . . . . . . . . . . . . . . . . . . . Potential Cave-ins 22 | . . . . . . . . . . . . . . . . . . . 2 . 2 3 . 15 Cave-ins Triggered 2 | . . . . . . . . . . . . . . . . . . . . . . 1 . 1 Teleports 14 | . . . . . . . . . . . . . . . . . . . . . . 5 9 . Exploration Rate (%) 61 | 4 64 69 92 97 95 10 90 73 76 71 23 97 83 80 80 22 81 15 87 18 67 43 46 62 Regions Visited 24 Branch Regions 17 Pre-discovered Areas 8 | . . 1 2 . 1 . . 1 1 . . . 1 . 1 . . . . . . . . . Known Exits Taken 23 | . 1 1 1 1 1 1 1 1 1 1 1 1 1 1 1 1 1 1 1 1 1 1 1 . Unknown Exits Taken 1 | 1 . . . . . . . . . . . . . . . . . . . . . . . . Scrap Searched 39 | . . 1 14 . 4 . 3 6 . 2 . 1 4 . 4 . . . . . . . . . Spaces Dug 40 | . . . 1 . . . 2 1 . 1 1 . . . . 2 9 7 . . 4 . . 12 Terrain Destroyed 1299 | . . . 18 8 . 7 3 2 . 1 64 16 9 41 24 41 120 24 170 13 30 119 122 467 Melee . | . . . . . . . . . . . . . . . . . . . . . . . . . Projectile 908 | . . . 1 8 . 7 3 2 . 1 18 16 9 1 24 26 82 24 51 13 30 119 100 373 AOE 385 | . . . 17 . . . . . . . 46 . . 40 . 15 37 . 119 . . . 21 90 Terrain Rammed . | . . . . . . . . . . . . . . . . . . . . . . . . . Walls Destroyed . | . . . . . . . . . . . . . . . . . . . . . . . . . Machines Disabled . | . . . . . . . . . . . . . . . . . . . . . . . . . Actions | -11 -10 -10 -10 -8 -8 -6 -6 -6 -6 -5 -5 -5 -5 -5 -4 -4 -4 -3 -3 -2 -2 -2 -1 -1 --------- Run | Yrd Mat Min Sub Rec Scr Fac Low Low Dat Pro Fac Upp Upp War Pro Fac Arm Res Tes Res Qua Frg Acc Com Total 25057 | 116 391 346 1826 755 1748 339 692 681 87 764 742 692 594 636 630 853 2163 315 800 585 647 2650 1818 4187 Wait 3111 | 1 9 2 212 12 37 2 15 57 . 267 14 . 1 30 3 175 310 3 40 41 23 286 528 1043 Move 19279 | 95 351 327 1433 706 1667 322 642 529 87 475 651 678 564 561 563 634 1516 277 687 467 539 1909 1158 2441 Hop . | . . . . . . . . . . . . . . . . . . . . . . . . . Pick Up 144 | 1 4 2 20 . 5 3 2 5 . . 5 2 2 5 . 5 16 . 1 5 . 27 4 30 Fast Attach 151 | 8 2 4 5 9 10 5 5 3 . 1 11 . 2 7 2 2 19 . 9 . 4 29 . 14 Attach 83 | . 1 . 7 1 4 . 2 5 . . 1 . . 7 3 3 8 . 1 2 3 23 2 10 Detach 155 | . 2 1 3 6 8 . 5 4 . 2 10 . 2 7 2 5 24 . 6 2 6 40 1 19 Swap 31 | 1 2 . . 2 1 1 . 6 . . 1 1 2 . 2 1 3 1 . . . 2 . 5 Drop 267 | 1 3 3 30 6 16 1 9 13 . 1 12 2 5 10 6 4 31 3 8 5 5 48 4 41 Fire 1126 | 9 17 . 77 8 . 5 4 31 . 11 17 6 8 8 21 24 131 23 29 24 42 177 96 358 Melee 1 | . . . . . . . . . . . . . . 1 . . . . . . . . . . Ram . | . . . . . . . . . . . . . . . . . . . . . . . . . Kick 16 | . . 3 . 1 . . . 1 . . 2 . . . . . 5 . 1 . . 1 . 2 Crush . | . . . . . . . . . . . . . . . . . . . . . . . . . Escape Stasis 4 | . . . . . . . . . . . . . . . . . . . . . 1 . . 3 Rewire 14 | . . . . . . . . . . . . . . . . . 14 . . . . . . . Trap . | . . . . . . . . . . . . . . . . . . . . . . . . . Miscellaneous 675 | . . 4 39 4 . . 8 27 . 7 18 3 8 . 28 . 86 8 18 39 24 108 25 221 Route ------- -11/Scrapyard -10/Materials (discovered 6 exits: *Mat x3 / *Min x2 / Sub) -10/Mines (discovered 2 exits: *Mat / *Sub) -10/Subcaves (discovered 3 exits: *Mat x2 / *Rec) -8/Recycling (discovered 2 exits: *Fac / *Scr) -8/Scraptown (discovered 2 exits: *Fac x2) -6/Factory (discovered 2 exits: *Low / Ext) -6/Lower Caves -6/Lower Caves -6/Data Miner -5/Proximity Caves -5/Factory (discovered 3 exits: Fac / *Upp x2) -5/Upper Caves -5/Upper Caves (discovered 2 exits: *Fac / *War) -5/Warlord -4/Proximity Caves -4/Factory (discovered 4 exits: *Res / Upp x2 / *Arm) -4/Armory (discovered 3 exits: *Res x2 / [Lab]) -3/Research (discovered 2 exits: *Tes x2) -3/Testing -2/Research (discovered 3 exits: *Acc / *Qua x2) -2/Quarantine (discovered 3 exits: *Acc / *Sec / *Frg) -2/Protoforge -1/Access (discovered 2 exits: *Sur / *Com) -1/Command (discovered 2 exits: *Sur x2) 0b11 Command History --------- Turn | Location | Event 1 | -11/Scrapyard | Upgraded with Propulsion slot (x1) 1 | -11/Scrapyard | Upgraded with Utility slot (x1) 1 | -11/Scrapyard | Upgraded with Weapon slot (x3) 18 | -11/Scrapyard | Discovered new exit (range 15) 137 | -11/Scrapyard | Upgraded with Utility slot (x4) 159 | -11/Scrapyard | Entered Materials 340 | -10/Materials | Build established: Wizard-Skirmisher 356 | -10/Materials | Identified exit to Mines 363 | -10/Materials | Discovered new exit (range 15) 478 | -10/Materials | Discovered new exit (range 13) 510 | -10/Materials | Discovered new exit (range 13) 539 | -10/Materials | Central database locked down 580 | -10/Materials | Discovered new exit (range 23) 659 | -10/Materials | Entered Mines 664 | -10/Mines | Met a Derelict shopkeep closing up shop 710 | -10/Mines | A weapon hastily lodged in a ceiling crevice suddenly fell to the ground 817 | -10/Mines | Learned location of Zion (-7) 970 | -10/Mines | Discovered new exit (range 15) 986 | -10/Mines | Identified exit to Materials 1047 | -10/Mines | Discovered new exit (range 15) 1070 | -10/Mines | Identified exit to Subcaves 1071 | -10/Mines | Entered Subcaves 1072 | -10/Subcaves | Approached by a straggling Scientist 1073 | -10/Subcaves | Reached level 2 1331 | -10/Subcaves | A Subdweller sparked back to life 1331 | -10/Subcaves | A Subdweller sparked back to life 1382 | -10/Subcaves | Upgraded with Propulsion slot (x1) 1383 | -10/Subcaves | Found Prototype Leg 1383 | -10/Subcaves | Identified Arachnoskeleton 1385 | -10/Subcaves | Attached Arachnoskeleton, gained temporary slots: Propulsion x3 1456 | -10/Subcaves | Upgraded with Utility slot (x2) 1577 | -10/Subcaves | A swath of the cavern ceiling suddenly collapsed 1610 | -10/Subcaves | Reached level 3 1688 | -10/Subcaves | A swath of the cavern ceiling suddenly collapsed 1732 | -10/Subcaves | Shifting Twisted Machinery released Flamer 1742 | -10/Subcaves | Shifting Twisted Machinery released Barrage Gun 1806 | -10/Subcaves | Discovered new exit (range 23) 1871 | -10/Subcaves | Identified exit to Recycling 1958 | -10/Subcaves | Shifting Twisted Machinery released Sub. Laser 2028 | -10/Subcaves | Learned location of Deep Caves (-7) 2028 | -10/Subcaves | Learned location of Extension (-6) 2138 | -10/Subcaves | Disturbed a concealed Subdweller 2203 | -10/Subcaves | Shifting Twisted Machinery released Flamer 2203 | -10/Subcaves | Discovered new exit (range 15) 2212 | -10/Subcaves | Identified exit to Materials 2281 | -10/Subcaves | Disturbed a concealed Subdweller 2371 | -10/Subcaves | Disturbed a concealed Subdweller 2500 | -10/Subcaves | Ambushed by Subdwellers from Twisted Machinery 2734 | -10/Subcaves | Shifting Twisted Machinery released Scrap Shield 2769 | -10/Subcaves | Discovered exit to Materials (range 13) 2804 | -10/Subcaves | Visited 4L-MR0's lab 2815 | -10/Subcaves | Found Prototype Device 2815 | -10/Subcaves | Identified Sfc. Transmogrifier 2911 | -10/Subcaves | Shifting Twisted Machinery released Sub. Power Source 2976 | -10/Subcaves | Entered Recycling 2978 | -8/Recycling | Reached level 4 3033 | -8/Recycling | Identified exit to Factory 3393 | -8/Recycling | Upgraded with Utility slot (x2) 3473 | -8/Recycling | Build established: Wizard-Tank 3488 | -8/Recycling | Upgraded with Utility slot (x2) 3691 | -8/Recycling | Scanned before Scraplab entrance 3861 | -8/Recycling | Discovered new exit (range 15) 3881 | -8/Recycling | Identified exit to Scraptown 3882 | -8/Recycling | Entered Scraptown 4160 | -8/Scraptown | Discovered exit to Factory (range 13) 4213 | -8/Scraptown | Scanned Subdweller tech in exchange for log data 4216 | -8/Scraptown | Learned Research stockpile data 4217 | -8/Scraptown | Learned Research emergency access door positions 4219 | -8/Scraptown | Learned location of Armory (-4) 4221 | -8/Scraptown | Learned 8 Research zone layouts 4263 | -8/Scraptown | Visited Assassins FH 4284 | -8/Scraptown | Visited SPCMW 4301 | -8/Scraptown | Visited Spacefarers 4354 | -8/Scraptown | Heard Great Nut preacher, LISTEN AND RECITE! 4360 | -8/Scraptown | Visited Cyclists 4403 | -8/Scraptown | Visited Comm Corps 4705 | -8/Scraptown | Visited CR-KLE's Repair Center 4713 | -8/Scraptown | CR-KLE repaired 10 parts 4880 | -8/Scraptown | Visited UFD Registry 4881 | -8/Scraptown | Registered with UFD as "Flakcell" 4925 | -8/Scraptown | Entered Cyclist Reading Room 5010 | -8/Scraptown | Visited Scrap Suit Storage 5058 | -8/Scraptown | Visited Science Guys 5115 | -8/Scraptown | Visited Junk Repository 5159 | -8/Scraptown | Visited Sword Containment 5171 | -8/Scraptown | Found Prototype Slashing Weapon 5171 | -8/Scraptown | Identified Companion Sword 5200 | -8/Scraptown | Visited Research Penetration Think Tank 5236 | -8/Scraptown | Visited Chapter 10 5308 | -8/Scraptown | Visited LU-1G1's Boring Crew 5407 | -8/Scraptown | Visited Botcube Research 5417 | -8/Scraptown | Found Botcube 5513 | -8/Scraptown | Delivered Scrap Shield to a Scientist 5651 | -8/Scraptown | Visited Modified Component R&D 5670 | -8/Scraptown | Discovered exit to Factory (range 13) 5770 | -8/Scraptown | Found Scrap Suit 5885 | -8/Scraptown | Met Optimus 5885 | -8/Scraptown | Accepted into 0bPrime 5957 | -8/Scraptown | Entered Factory 5958 | -6/Factory | Identified exit to Extension 5959 | -6/Factory | Reached level 5 6002 | -6/Factory | Reached level 6 6060 | -6/Factory | Discovered new exit (range 16) 6100 | -6/Factory | Identified exit to Lower Caves 6222 | -6/Factory | Found Prototype Device 6227 | -6/Factory | Upgraded with Utility slot (x2) 6233 | -6/Factory | Upgraded with Utility slot (x1) 6247 | -6/Factory | Upgraded with Utility slot (x1) 6343 | -6/Factory | Entered Lower Caves 6345 | -6/Lower Caves | UFD Scientist delivered a prototype 6353 | -6/Lower Caves | Identified Active Sensor Suite 6356 | -6/Lower Caves | Found Prototype Protection 6356 | -6/Lower Caves | Identified Enh. Scrap Shield 6398 | -6/Lower Caves | Identified exit to Lower Caves 6785 | -6/Lower Caves | Encountered a Warlord checkpoint 7070 | -6/Lower Caves | Entered another Lower Caves area 7072 | -6/Lower Caves | Reached level 7 7087 | -6/Lower Caves | Encountered a Warlord checkpoint 7134 | -6/Lower Caves | Acquired the password to a Derelict Tinkerer's latest research 7144 | -6/Lower Caves | Found Prototype Special Weapon 7144 | -6/Lower Caves | Identified Molecular Deconstructor 7394 | -6/Lower Caves | Upgraded with Utility slot (x1) 7634 | -6/Lower Caves | Caught by Unaware searching for contraband prototypes 7719 | -6/Lower Caves | Discovered new exit (range 13) 7760 | -6/Lower Caves | Identified exit to Data Miner 7796 | -6/Lower Caves | Learned location of 1 exit from Factory 7860 | -6/Lower Caves | Entered Data Miner 7860 | -6/Data Miner | Discovered new exit (range 6) 7874 | -6/Data Miner | Met Data Miner 7908 | -6/Data Miner | Learned location of Section 7 (-2) 7908 | -6/Data Miner | Acquired the access code to Warlord's prototype stash 7931 | -6/Data Miner | Received God Mode back door access code from Data Miner 7959 | -6/Data Miner | Identified exit to Proximity Caves 7961 | -6/Data Miner | Entered Proximity Caves 7963 | -5/Proximity Caves | Reached level 8 8179 | -5/Proximity Caves | Received a Behemoth hack from an annoying Tinkerer 8430 | -5/Proximity Caves | Reached level 9 8480 | -5/Proximity Caves | Learned Factory stockpile data 8631 | -5/Proximity Caves | Discovered new exit (range 16) 8647 | -5/Proximity Caves | Identified exit to Factory 8815 | -5/Proximity Caves | Entered Factory 8816 | -5/Factory | Identified exit to Upper Caves 8817 | -5/Factory | Identified exit to Factory 8817 | -5/Factory | Reached level 10 9400 | -5/Factory | Watched by a mysterious "MATRIX" hacker 9402 | -5/Factory | Spotted B-75 Beast 9458 | -5/Factory | Central database locked down 9524 | -5/Factory | Reached level 11 9699 | -5/Factory | Entered Upper Caves 9717 | -5/Upper Caves | Reached level 12 9957 | -5/Upper Caves | Learned Factory trap positions 10303 | -5/Upper Caves | Learned Factory terminal intel 10373 | -5/Upper Caves | Discovered new exit (range 16) 10447 | -5/Upper Caves | Identified exit to Upper Caves 10449 | -5/Upper Caves | Attracted the attention of an 0b10 checkpoint 10470 | -5/Upper Caves | Entered another Upper Caves area 10499 | -5/Upper Caves | Discovered exit to Factory (range 13) 10778 | -5/Upper Caves | Encountered a Warlord checkpoint 10919 | -5/Upper Caves | Learned 8 Factory zone layouts 10969 | -5/Upper Caves | Learned Factory stockpile data 11117 | -5/Upper Caves | Discovered new exit (range 13) 11133 | -5/Upper Caves | Identified exit to Warlord 11134 | -5/Upper Caves | Entered Warlord 11136 | -5/Warlord | Reached level 13 11347 | -5/Warlord | Learned Factory repair station intel 11347 | -5/Warlord | Learned Armory garrison access intel 11348 | -5/Warlord | Learned 4 Armory zone layouts 11348 | -5/Warlord | Learned 4 Command zone layouts 11431 | -5/Warlord | Rebuked by Warlord 11442 | -5/Warlord | Warlord's base attacked by MAIN.C 11471 | -5/Warlord | Found Prototype Special Weapon 11471 | -5/Warlord | Identified RU-N14's Throwing Claymores v3 11475 | -5/Warlord | Found RU-N14's Throwing Claymores v3 11480 | -5/Warlord | Found RU-N14's Throwing Claymores v3 11533 | -5/Warlord | Opened Warlord's prototype stash 11541 | -5/Warlord | Found Prototype Device 11541 | -5/Warlord | Identified System Purifier 11544 | -5/Warlord | Found Prototype Processor 11544 | -5/Warlord | Identified Exp. Target Analyzer 11557 | -5/Warlord | Found Prototype Device 11557 | -5/Warlord | Identified Exp. Cloaking Device 11700 | -5/Warlord | Opened side exit 11750 | -5/Warlord | Spotted Executioner 11750 | -5/Warlord | Spotted Executioner 11756 | -5/Warlord | Reached level 14 11759 | -5/Warlord | Destroyed Executioner 11762 | -5/Warlord | Reached level 15 11765 | -5/Warlord | Destroyed Executioner 11786 | -5/Warlord | Destroyed 16 combat bots 11792 | -5/Warlord | Discovered new exit (range 12) 11792 | -5/Warlord | Warlord forces counterattacked 11801 | -5/Warlord | Identified exit to Proximity Caves 11802 | -5/Warlord | Entered Proximity Caves 11804 | -4/Proximity Caves | Reached level 16 11810 | -4/Proximity Caves | Spotter reported a threat 12084 | -4/Proximity Caves | Learned location of Quarantine (-2) 12111 | -4/Proximity Caves | Build established: Wizard-Gunner 12140 | -4/Proximity Caves | Discovered exit to Factory (range 17) 12146 | -4/Proximity Caves | Spotted B-86 Titan 12165 | -4/Proximity Caves | Destroyed B-86 Titan 12445 | -4/Proximity Caves | Entered Factory 12446 | -4/Factory | Identified exit to Armory 12447 | -4/Factory | Loaded intel: 74 trap records 12447 | -4/Factory | Reached level 17 12449 | -4/Factory | Loaded intel: 26 terminal locations 12450 | -4/Factory | Loaded intel: 6 repair station locations 12741 | -4/Factory | Central database locked down 12828 | -4/Factory | Spotted B-86 Titan 12842 | -4/Factory | Identified exit to Upper Caves 13133 | -4/Factory | Discovered new exit (range 16) 13176 | -4/Factory | Reached level 18 13313 | -4/Factory | Entered Armory 13314 | -4/Armory | Identified exit to Research 13315 | -4/Armory | Reached level 19 13690 | -4/Armory | Found Prototype Processor 13690 | -4/Armory | Identified Exp. Melee Analysis Suite 13695 | -4/Armory | Found Prototype Hackware 13695 | -4/Armory | Identified Exp. Hacking Suite 13733 | -4/Armory | Lost 3 allies 13918 | -4/Armory | Reached level 20 14208 | -4/Armory | Energy Cycler disabled 14460 | -4/Armory | Reached level 21 14513 | -4/Armory | Destroyed 10 combat bots 14513 | -4/Armory | Found Prototype Processor 14513 | -4/Armory | Identified Exp. Terrain Scan Processor 14623 | -4/Armory | Spotted Armor Guard 14623 | -4/Armory | Spotted Armor Guard 14650 | -4/Armory | Destroyed Armor Guard 14650 | -4/Armory | Destroyed Armor Guard 14662 | -4/Armory | Found Prototype Device 14662 | -4/Armory | Identified Exp. Weapon Cycler 14697 | -4/Armory | Discovered new exit (range 19) 14713 | -4/Armory | Spotted Armor Guard 14713 | -4/Armory | Spotted Armor Guard 14739 | -4/Armory | Reached level 22 14739 | -4/Armory | Destroyed Armor Guard 14744 | -4/Armory | Destroyed Armor Guard 14771 | -4/Armory | Breached Obliterator storage 14795 | -4/Armory | Found Disassembled Obliterator 14802 | -4/Armory | Found PL-3XN's Ring of Power 14885 | -4/Armory | Reached level 23 14954 | -4/Armory | Spotted B-86 Titan 14969 | -4/Armory | Destroyed 8 combat bots 15016 | -4/Armory | Destroyed B-86 Titan 15063 | -4/Armory | First assault squad dispatched 15290 | -4/Armory | Lost 4 allies 15336 | -4/Armory | Reached level 24 15704 | -4/Armory | Entered Research 15704 | -3/Research | Accompanied by 2 allies 15705 | -3/Research | Identified exit to Testing 15706 | -3/Research | Reached level 25 15947 | -3/Research | Reached level 26 16067 | -3/Research | Entered Testing 16069 | -3/Testing | Reached level 27 16130 | -3/Testing | Found Prototype Device 16130 | -3/Testing | Identified Exp. Thermal Shield 16212 | -3/Testing | Protovariant out of control (PY-7G8ZHXA7LJ) 16212 | -3/Testing | Unleashed a protovariant (PY-7G8ZHXA7LJ) 16269 | -3/Testing | Targeted by mysterious "MATRIX" hacker 16378 | -3/Testing | Found Prototype Protection 16579 | -3/Testing | Reached level 28 16636 | -3/Testing | Discovered new exit (range 17) 16645 | -3/Testing | Destroyed 10 combat bots 16653 | -3/Testing | Identified exit to Research 16914 | -3/Testing | Entered Research 16916 | -2/Research | Reached level 29 17211 | -2/Research | Discovered new exit (range 19) 17256 | -2/Research | Reached level 30 17299 | -2/Research | Identified exit to Access 17335 | -2/Research | Identified exit to Quarantine 17529 | -2/Research | Entered Quarantine 17669 | -2/Quarantine | Discovered exit to Access (range 20) 17763 | -2/Quarantine | Reached level 31 17776 | -2/Quarantine | Cryocooling Duct disabled 17791 | -2/Quarantine | Ambient heat levels rising (+20) 17791 | -2/Quarantine | Non-combat units ordered to evacuate 17851 | -2/Quarantine | Cryocooling Duct disabled 17866 | -2/Quarantine | Ambient heat levels rising (+20) 17866 | -2/Quarantine | Combat units ordered to evacuate 17966 | -2/Quarantine | Quarantine Guard activated 17983 | -2/Quarantine | Spotted Fortress 18055 | -2/Quarantine | Spotted Quarantine Guard 18079 | -2/Quarantine | Destroyed Fortress 18080 | -2/Quarantine | Spotted Quarantine Guard 18089 | -2/Quarantine | Destroyed Quarantine Guard 18098 | -2/Quarantine | Destroyed Quarantine Guard 18153 | -2/Quarantine | Found Prototype Device 18153 | -2/Quarantine | Identified Exp. EM Shield 18209 | -2/Quarantine | Discovered new exit (range 19) 18209 | -2/Quarantine | Discovered new exit (range 19) 18225 | -2/Quarantine | Identified exit to Section 7 18229 | -2/Quarantine | Identified exit to Protoforge 18231 | -2/Quarantine | Entered Protoforge 18387 | -2/Protoforge | Discovered exit to Access (range 29) 18392 | -2/Protoforge | Spotted Hotshot 18394 | -2/Protoforge | Spotted Hotshot 18395 | -2/Protoforge | Spotted Hotshot 18396 | -2/Protoforge | Superfortress began startup sequence 18409 | -2/Protoforge | Destroyed Hotshot 18411 | -2/Protoforge | Destroyed Hotshot 18416 | -2/Protoforge | Destroyed Hotshot 18476 | -2/Protoforge | Spotted Hotshot 18498 | -2/Protoforge | Spotted Hotshot 18506 | -2/Protoforge | Spotted Hotshot 18508 | -2/Protoforge | Spotted Hotshot 18517 | -2/Protoforge | Build established: Wizard-Tank 18523 | -2/Protoforge | Destroyed Hotshot 18530 | -2/Protoforge | Destroyed Hotshot 18532 | -2/Protoforge | Spotted Overlord 18539 | -2/Protoforge | Destroyed Hotshot 18563 | -2/Protoforge | Reached level 32 18566 | -2/Protoforge | Spotted Hotshot 18566 | -2/Protoforge | Spotted Hotshot 18609 | -2/Protoforge | Found Prototype Device 18651 | -2/Protoforge | Core integrity fell below 50% 18651 | -2/Protoforge | Spotted V488-g 18678 | -2/Protoforge | Spotted V180-q 18679 | -2/Protoforge | Destroyed V488-g 18697 | -2/Protoforge | Found Prototype Device 18697 | -2/Protoforge | Identified Cep. Hypertargeting System 18703 | -2/Protoforge | Found Prototype Device 18703 | -2/Protoforge | Identified Cep. Matter Streamer 18708 | -2/Protoforge | Found Prototype Ballistic Gun 18711 | -2/Protoforge | Found Prototype Ballistic Gun 18731 | -2/Protoforge | First assault squad dispatched 18768 | -2/Protoforge | Identified Multirail (x2) 18821 | -2/Protoforge | Spotted Decapitator 18821 | -2/Protoforge | Spotted Decapitator 18821 | -2/Protoforge | Spotted Decapitator 18821 | -2/Protoforge | Spotted Decapitator 18879 | -2/Protoforge | Identified Cep. Antimissile System 18983 | -2/Protoforge | Found Prototype Leg 18983 | -2/Protoforge | Identified Cep. Biometal Exoskeleton 18997 | -2/Protoforge | Upgraded with Propulsion slot (x1) 19139 | -2/Protoforge | Destroyed 8 combat bots 19274 | -2/Protoforge | Spotted Decapitator 19275 | -2/Protoforge | Spotted Decapitator 19275 | -2/Protoforge | Spotted Decapitator 19276 | -2/Protoforge | Destroyed Decapitator 19278 | -2/Protoforge | Destroyed Decapitator 19281 | -2/Protoforge | Destroyed Decapitator 19367 | -2/Protoforge | Spotted V031-u 19367 | -2/Protoforge | Spotted V076-n 19367 | -2/Protoforge | Spotted V258-l 19388 | -2/Protoforge | Found Prototype Device 19388 | -2/Protoforge | Identified Exp. Active Sensor Suite 19409 | -2/Protoforge | Spotted Immortal 19409 | -2/Protoforge | Spotted Immortal 19418 | -2/Protoforge | Found Prototype Device 19418 | -2/Protoforge | Identified Crosscalibrator 19432 | -2/Protoforge | Spotted Decapitator 19432 | -2/Protoforge | Spotted Decapitator 19432 | -2/Protoforge | Spotted Decapitator 19432 | -2/Protoforge | Spotted Decapitator 19434 | -2/Protoforge | Destroyed Decapitator 19439 | -2/Protoforge | Destroyed Decapitator 19441 | -2/Protoforge | Destroyed Decapitator 19444 | -2/Protoforge | Destroyed Decapitator 19497 | -2/Protoforge | Found Faulty Cep. XC Strikerail 19506 | -2/Protoforge | Found Cep. XC Strikerail 19514 | -2/Protoforge | Found Faulty Cep. XC Strikerail 19519 | -2/Protoforge | Found Cep. XC Strikerail 19522 | -2/Protoforge | Found Faulty Cep. XC Strikerail 19732 | -2/Protoforge | Destroyed Immortal 19735 | -2/Protoforge | Destroyed Immortal 19753 | -2/Protoforge | Reached level 33 19764 | -2/Protoforge | Found Cep. Rapid Grenade Launcher 19976 | -2/Protoforge | Destroyed Decapitator 19978 | -2/Protoforge | Destroyed Decapitator 19981 | -2/Protoforge | Destroyed Decapitator 19984 | -2/Protoforge | Destroyed Decapitator 20006 | -2/Protoforge | Spotted V245-t 20015 | -2/Protoforge | Found Cep. RG22 Armor 20025 | -2/Protoforge | Found Cep. Beam Splitter 20028 | -2/Protoforge | Found Faulty Cep. Energy Mantle 20033 | -2/Protoforge | Found Faulty Cep. Energy Mantle 20090 | -2/Protoforge | Spotted V618-v 20090 | -2/Protoforge | Spotted V256-x 20105 | -2/Protoforge | Destroyed V618-v 20109 | -2/Protoforge | Destroyed V256-x 20119 | -2/Protoforge | Spotted Immortal 20120 | -2/Protoforge | Found Exp. Target Analyzer 20121 | -2/Protoforge | Spotted Immortal 20129 | -2/Protoforge | Found Cep. Recoil Nullifier 20132 | -2/Protoforge | Found Prototype Device 20132 | -2/Protoforge | Identified Exp. Force Booster 20136 | -2/Protoforge | Found Prototype Device 20136 | -2/Protoforge | Identified Mni. Quantum Capacitor 20157 | -2/Protoforge | Destroyed V245-t 20161 | -2/Protoforge | Found Prototype Protection 20170 | -2/Protoforge | Destroyed Immortal 20178 | -2/Protoforge | Destroyed Immortal 20229 | -2/Protoforge | Identified Med. Regenerative Plating 20273 | -2/Protoforge | Found Exp. Kinecellerator 20314 | -2/Protoforge | Build established: Wizard-Gunner 20339 | -2/Protoforge | Spotted AP7-3 20339 | -2/Protoforge | Spotted AP7-3 20390 | -2/Protoforge | Destroyed AP7-3 20405 | -2/Protoforge | Destroyed AP7-3 20422 | -2/Protoforge | Found Prototype Device 20469 | -2/Protoforge | Identified Exp. ECM Suite 20473 | -2/Protoforge | Found Prototype Device 20473 | -2/Protoforge | Identified Cep. Thermoelectric Network 20475 | -2/Protoforge | Found Prototype Device 20475 | -2/Protoforge | Identified Cep. Impact Drone Bay 20547 | -2/Protoforge | Additional patrols dispatched to research labs 20589 | -2/Protoforge | Found Cep. Navigation Harness 20718 | -2/Protoforge | Crushed by falling debris 20808 | -2/Protoforge | Entered Access 20810 | -1/Access | Reached level 34 20885 | -1/Access | Energy Cycler disabled 21006 | -1/Access | Garrison activated, responded to threat 21051 | -1/Access | Core integrity fell below 50% 21054 | -1/Access | Destroyed 11 combat bots 21058 | -1/Access | First assault squad dispatched 21125 | -1/Access | Spotted B-99 Colossus 21194 | -1/Access | Reached level 35 21274 | -1/Access | Destroyed 8 combat bots 21436 | -1/Access | Unchained authorized (CL-0N3) 22022 | -1/Access | Spotted B-99 Colossus 22025 | -1/Access | Spotted B-99 Colossus 22042 | -1/Access | High security lockdown imminent 22122 | -1/Access | High security lockdown engaged 22134 | -1/Access | Discovered new exit (range 20) 22175 | -1/Access | Spotted Executioner 22175 | -1/Access | Spotted Striker 22179 | -1/Access | Destroyed Striker 22219 | -1/Access | Identified exit to Surface 22230 | -1/Access | Reached level 36 22251 | -1/Access | Destroyed 12 combat bots 22397 | -1/Access | Spotted B-99 Colossus 22436 | -1/Access | Discovered new exit (range 19) 22531 | -1/Access | Identified exit to Command 22532 | -1/Access | Entered Command 22586 | -1/Command | High security lockdown imminent 22612 | -1/Command | Destroyed 14 combat bots 22666 | -1/Command | High security lockdown engaged 22718 | -1/Command | Phase Generator disabled 22996 | -1/Command | Spotted Executioner 22996 | -1/Command | Spotted Executioner 22996 | -1/Command | Spotted Executioner 22996 | -1/Command | Destroyed Executioner 23000 | -1/Command | Destroyed Executioner 23029 | -1/Command | Reached level 37 23055 | -1/Command | Destroyed Executioner 23076 | -1/Command | Destroyed 22 combat bots 23082 | -1/Command | Spotted Striker 23082 | -1/Command | Destroyed Striker 23084 | -1/Command | Spotted Executioner 23084 | -1/Command | Spotted Executioner 23085 | -1/Command | Destroyed Executioner 23087 | -1/Command | Destroyed Executioner 23101 | -1/Command | Found Prototype Processor 23101 | -1/Command | Identified Exp. Core Analyzer 23134 | -1/Command | Spotted Investigator 23134 | -1/Command | Scanned by Researcher 23135 | -1/Command | Destroyed Investigator 23163 | -1/Command | Destroyed 16 combat bots 23166 | -1/Command | Found Prototype Device 23186 | -1/Command | Identified Adv. Kinecellerator 23229 | -1/Command | Spotted Executioner 23233 | -1/Command | Spotted Executioner 23233 | -1/Command | Spotted Striker 23237 | -1/Command | Spotted Striker 23243 | -1/Command | Destroyed Executioner 23253 | -1/Command | Destroyed Striker 23256 | -1/Command | Spotted Executioner 23256 | -1/Command | Spotted Executioner 23256 | -1/Command | Destroyed Striker 23257 | -1/Command | Spotted Striker 23258 | -1/Command | Spotted Striker 23258 | -1/Command | Destroyed Executioner 23258 | -1/Command | Destroyed Executioner 23261 | -1/Command | Destroyed Striker 23276 | -1/Command | Destroyed Striker 23276 | -1/Command | Destroyed Executioner 23302 | -1/Command | Destroyed 31 combat bots 23428 | -1/Command | Spotted Executioner 23428 | -1/Command | Spotted Striker 23430 | -1/Command | Destroyed Executioner 23431 | -1/Command | Spotted Investigator 23431 | -1/Command | Spotted Executioner 23431 | -1/Command | Spotted Executioner 23431 | -1/Command | Spotted Striker 23435 | -1/Command | Destroyed Striker 23435 | -1/Command | Spotted Executioner 23440 | -1/Command | Destroyed Executioner 23440 | -1/Command | Destroyed Investigator 23442 | -1/Command | Destroyed Executioner 23445 | -1/Command | Destroyed Striker 23445 | -1/Command | Destroyed Executioner 23468 | -1/Command | Destroyed 15 combat bots 23513 | -1/Command | Spotted Striker 23518 | -1/Command | Spotted Executioner 23518 | -1/Command | Spotted Striker 23518 | -1/Command | Spotted Striker 23518 | -1/Command | Spotted Executioner 23519 | -1/Command | Spotted Executioner 23519 | -1/Command | Spotted Striker 23524 | -1/Command | Spotted Striker 23529 | -1/Command | Destroyed Striker 23529 | -1/Command | Destroyed Striker 23531 | -1/Command | Destroyed Striker 23531 | -1/Command | Destroyed Striker 23532 | -1/Command | Spotted Striker 23532 | -1/Command | Spotted Striker 23536 | -1/Command | Destroyed Striker 23536 | -1/Command | Destroyed Striker 23536 | -1/Command | Destroyed Striker 23541 | -1/Command | Destroyed Executioner 23543 | -1/Command | Destroyed Executioner 23546 | -1/Command | Destroyed Executioner 23555 | -1/Command | Reached level 38 23583 | -1/Command | Destroyed 18 combat bots 23903 | -1/Command | Spotted B-99 Colossus 23917 | -1/Command | Destroyed B-99 Colossus 24010 | -1/Command | Spotted Striker 24010 | -1/Command | Spotted Executioner 24022 | -1/Command | Destroyed Executioner 24027 | -1/Command | Destroyed Striker 24039 | -1/Command | Spotted Striker 24039 | -1/Command | Spotted Striker 24044 | -1/Command | Destroyed Striker 24046 | -1/Command | Destroyed Striker 24067 | -1/Command | Destroyed 22 combat bots 24092 | -1/Command | Destroyed Executioner 24092 | -1/Command | Spotted Striker 24092 | -1/Command | Spotted Executioner 24104 | -1/Command | Destroyed Striker 24149 | -1/Command | Destroyed 7 combat bots 24568 | -1/Command | Destroyed 33 combat bots 24660 | -1/Command | Destroyed 15 combat bots 24755 | -1/Command | Destroyed 19 combat bots 24814 | -1/Command | Destroyed 8 combat bots 24910 | -1/Command | Destroyed 14 combat bots 25227 | -1/Command | Destroyed 16 combat bots 25315 | -1/Command | Destroyed 17 combat bots 25323 | -1/Command | Crushed by falling debris 26251 | -1/Command | Reached level 39 26318 | -1/Command | Destroyed 23 combat bots 26443 | -1/Command | Spotted M Guard 26443 | -1/Command | Spotted M Guard 26445 | -1/Command | Spotted Combat Programmer 26445 | -1/Command | Spotted Combat Programmer 26462 | -1/Command | Destroyed Combat Programmer 26485 | -1/Command | Destroyed M Guard 26496 | -1/Command | Destroyed Combat Programmer 26511 | -1/Command | Destroyed M Guard 26511 | -1/Command | All MAIN.C guards destroyed 26539 | -1/Command | Found Prototype Device 26539 | -1/Command | Identified AEGIS Remote Shield 26553 | -1/Command | Found Prototype Reactor 26553 | -1/Command | Identified Zero-point Reactor 26766 | -1/Command | Met MAIN.C 26793 | -1/Command | Destroyed MAIN.C Shell 26795 | -1/Command | MAIN.C activated Command garrisons 26810 | -1/Command | Destroyed MAIN.C 26824 | -1/Command | Discovered exit to Surface (range 48) 26824 | -1/Command | Discovered exit to Surface (range 86) 26824 | -1/Command | Extracted map data and part IDs from MAIN.C's data core 26864 | -1/Command | Found Exp. Powered Armor 26908 | -1/Command | 0b10 Conduit disabled 26908 | -1/Command | Spotted B-99 Colossus 26918 | -1/Command | Destroyed B-99 Colossus 26966 | -1/Command | Found Multirail 27116 | -1/Command | Found Exp. Armor Integrity Analyzer 27119 | -1/Command | Found Exp. System Purifier 27145 | -1/Command | Found Perforator 27489 | *** | Establishing 0b11! Last Messages --------------- 27119_ Discarded Imp. System Restoration Module. 27120_ Acquired 10 matter. 27129_ Dropped Hvy. Shield Leg. 27130_ Acquired Exp. Biometal Leg. 27136_ Acquired Hvy. Shield Leg. 27138_ Dropped Exp. Biometal Leg. 27140_ Dropped Rnf. Quantum Reactor+. 27141_ Dropped Adv. Transmission Jammer. 27141_ Dropped Cep. XC Strikerail. 27145_ Acquired Perforator. 27157_ Acquired 30 matter. 27193_ HV Slug penetrates B-74 Champion. 27193_ B-74 Champion suffers critical hit (Destroy). 27193_ B-74 Champion destroyed. 27193_ HV Slug penetrates Wall. 27194_ Acquired 40 matter. 27195_ Wall collapses. 27200_ Earth collapses. 27415_ K-01 Serf collects debris. 27482_ The Access Shell folds into the floor. Map ----- +----------------------------------------------------+ | !! #???????????????????????????????????????? | | !! #???????????????????????????????????????? | | ##########???????????????????????????????????????? | | ?????????????????????????????????????????????????? | | ?????????????????????????????????????????????????? | | ?????????????????????????????????????????????????# | | ???????????????????????????????????????????????### | | ?????????????????????????????????????????????#?#?# | | ????????????????????????????????????????????##?### | | ???????????????????????????????????????????####### | | ???????????????????????????????????????????####### | | ??????????????????????????????????????????######## | | ??????????????????????????????????????????######## | | ?????????????????????????????????????????######### | | ????????????????????????????????????????########## | | ????????????????????????????????????????########## | | ???????????????????????????????????????########### | | ??????????????????################????############ | | ??????????????????################????###### | | ??????????????????## ############ | | ??????????????????## ##;=######## | | ??????????????????## ^ ^^^^^^ %=%!!# #7%### | | ??????????????????## ^ ^ ^^^^^^^^^######+# | | ??????????????????## ^ ^ /^=^^%^^+ | | ?###??????????????## "" ^ =^^^^^^+ | | ## ####???????????## @" % ^^^^^ + | | #???????????## ^ ^% ^^ = ^ +% = | | ######??????## ^ ^^^ ![% ### % | | + #??????## ^^^ ^^% %=;!;*%*%%### | | #### #??????## #######;%###" | | #??# #?##?#?## % ############# | | #??# ##?#############;################# | | ##?# ################################## | | ####+################################## | | + ############################## | | # ############################## | | # ############################## | | ###+#+# "" ##############################"+#"# | | # """" ########################## | | + """" ########################## | | ### "" ########################## | | ### ########################## """" | | ### ########################## """" | | #####+############################### ! """" | | ##### ############################### """" | | ############################### | | ################### ## # | | #######""# ^ ### ## # | | =% /% !###"#[ " | | ############""""! ! "!= %+="""" + | +----------------------------------------------------+ Best States ------------- Heat Dissipation 103 Energy Generation 128 Energy Capacity 1000 Matter Stores 1200 Matter Capacity 1200 Sight Range 37 Robot Scan Range 30 Terrain Scan Range 20 Terrain Scan Density 2010 ECM Strength 3 Jamming Range 16 EM Shielding 4 Armor Coverage 1550 Resistance: KI 30 Resistance: TH 75 Resistance: EX 20 Point Defense Rating 480 Weapon Cycling 30 Evasion (%) 80 Target Analysis 10 Core Analysis 8 Armor Integrity Analysis 50 Recoil Reduction 99 Particle Charging 30 Kinecelleration 66 Offensive Hacking 100 Defensive Hacking 100 Item Schematics ----------------- Adv. Target Analyzer | -6/Data Miner | Free Exp. Biometal Leg | -3/Testing | Hacked Spectral Analyzer | -3/Testing | Archive Exp. Field Recycling Unit | -3/Testing | Archive Exp. Energy Well | -3/Testing | Archive Diametric Drive | -3/Testing | Archive Enh. Armored Medium Treads | -2/Protoforge | Archive Exp. Targeting Computer | -2/Protoforge | Archive Exp. Coolant Injector | -2/Protoforge | Archive Lrn. Phase Cannon | -2/Protoforge | Archive Lgt. Antimatter Cannon | -2/Protoforge | Archive Adv. Gravity Neutralizer | -2/Protoforge | Archive Imp. Thermal Defense Suite | -2/Protoforge | Archive Cld. Linear Gravjet | -2/Protoforge | Archive Graviton Cannon | -2/Protoforge | Archive Hds. Centrium Leg | -2/Protoforge | Archive Robot Schematics ------------------ Y-64 Sentinel | -6/Data Miner | Free K-01 Serf | -3/Testing | Archive H-77 Assassin | -3/Testing | Archive S-43 Plague | -3/Testing | Archive C-55 Analyst | -3/Testing | Archive R-10 Processor | -2/Protoforge | Archive Fabricated ------------ Nothing Repaired ---------- Nothing Studied --------- Hvy. Machine Gun | -6/Factory | Hacked Carbon-fiber Leg | -6/Factory | Hacked Nuclear Core | -6/Factory | Hacked Mining Laser | -6/Factory | Hacked Flexi-carbon Leg | -5/Factory | Hacked KE Penetrator | -4/Factory | Hacked Adv. Datajack | -4/Factory | Hacked Hyp. Railgun | -3/Testing | Hacked Rnf. Quantum Reactor | -3/Testing | Hacked Centrium Leg | -3/Testing | Hacked Imp. Plasma Cutter | -3/Testing | Hacked Alien Tech Used ----------------- None Achievements -------------- Barbarian I'm Outta Here, Maybe Out Of My Way Challenges ------------ None RPGLIKE | -11 -10 -10 -10 -8 -8 -6 -6 -6 -6 -5 -5 -5 -5 -5 -4 -4 -4 -3 -3 -2 -2 -2 -1 -1 --------- Run | Yrd Mat Min Sub Rec Scr Fac Low Low Dat Pro Fac Upp Upp War Pro Fac Arm Res Tes Res Qua Frg Acc Com Levels Raised 38 | . . . 2 1 . 2 . 1 . 2 2 1 . 3 1 2 6 2 2 2 1 2 3 3 XP Earned 60733 | 3000 950 500 2100 1400 900 1950 750 1150 650 2150 3125 1250 1000 3666 1750 3125 8888 3278 2608 2951 1141 3580 3767 5104 XP Spent 328340 | 196840 . . 10950 12200 20100 17000 . 5000 . . 22950 . . . 13200 . . . . . . 22600 . 7500 Upgrades 271 | 197 . . 8 4 6 4 . 1 . . 9 . . . 6 . . . . . . 6 . 30 Propulsion Slot 3 | 1 . . 1 . . . . . . . . . . . . . . . . . . 1 . . Utility Slot 16 | 5 . . 2 4 . 4 . 1 . . . . . . . . . . . . . . . . Weapon Slot 3 | 3 . . . . . . . . . . . . . . . . . . . . . . . . Core Integrity 38 | 8 . . . . . . . . . . . . . . . . . . . . . . . 30 Heat Dissipation 13 | 13 . . . . . . . . . . . . . . . . . . . . . . . . Energy Generation 19 | 5 . . . . . . . . . . 9 . . . . . . . . . . 5 . . Energy Storage 13 | 13 . . . . . . . . . . . . . . . . . . . . . . . . Matter Storage 18 | 18 . . . . . . . . . . . . . . . . . . . . . . . . Mass Support 10 | 4 . . . . 6 . . . . . . . . . . . . . . . . . . . Inventory Capacity 13 | 12 . . 1 . . . . . . . . . . . . . . . . . . . . . Sight Range 14 | 8 . . . . . . . . . . . . . . 6 . . . . . . . . . Sensor Range 15 | 15 . . . . . . . . . . . . . . . . . . . . . . . . Terrain Scan Density 20 | 20 . . . . . . . . . . . . . . . . . . . . . . . . Ranged Accuracy 16 | 16 . . . . . . . . . . . . . . . . . . . . . . . . Hack Attack % 20 | 20 . . . . . . . . . . . . . . . . . . . . . . . . Hack Defense % 20 | 20 . . . . . . . . . . . . . . . . . . . . . . . . KI Resistance % 4 | 4 . . . . . . . . . . . . . . . . . . . . . . . . TH Resistance % 4 | 4 . . . . . . . . . . . . . . . . . . . . . . . . EX Resistance % 4 | 4 . . . . . . . . . . . . . . . . . . . . . . . . KI Damage % 4 | 4 . . . . . . . . . . . . . . . . . . . . . . . . TH Damage % 4 | . . . 4 . . . . . . . . . . . . . . . . . . . . . Protomatter Created 14346 | . 68 . 309 . . 59 3 177 . 90 245 33 85 . 53 183 1118 129 336 572 185 2062 1541 7098 Integrity Restored 12403 | . . 49 759 74 . . 148 544 . 122 355 26 153 . 592 . 1839 140 342 809 528 2208 470 3245 Core 7356 | . . 31 480 28 . . 82 302 . 75 117 4 96 . 478 . 1120 63 219 585 443 1138 278 1817 Parts 5047 | . . 18 279 46 . . 66 242 . 47 238 22 57 . 114 . 719 77 123 224 85 1070 192 1428 Protomatter Decayed 8203 | . . 34 115 . . . . . . . . 28 . 195 . . 607 98 250 176 . 777 796 5127 Game ------ Seed ThermalPlexusShooter Manual? 0 Play Time 05:06:15 Cumulative 381.3 hours Start 2026.08.07 @ 14:21:27 End 2026.08.09 @ 22:11:05 Sessions 15 Manual Loads 0 Difficulty Rogue Special Mode Winter2019/RPGLIKE Game No. 139 Rogue 3 Adventurer 2 Explorer 134 Win Type 1 Total 35 Types 19/3/6/3/1/1/1/0/1/0 Lore% 82 Gallery% 77 Achievement% 67 Wizard Run 0 Options --------- Layout 0 ASCII 0 Keyboard 1 Movement Numpad Keybinds 0 Fullscreen 2 Font 18/X11 Map View 76x50 Zoom Use 0% Tactical HUD 1 Map Filters BRIGHTNESS(150) Filters NONE Steam 1 RUN: 8b3df0ca-7cbe-4f28-b32e-ca9da13dcc53